Workbook
Name А1: #REF!
Name А1: #REF!
Name А1: #REF!
Name А1: #REF!
Name А1: #REF!
Name А1: #REF!
Name Выбор_1.1: 'Показатель 9.2'!$C$5:$C$6
Name Выбор_1.1: 'Показатель 9.3'!$C$5:$C$6
Name Выбор_1.1: 'Показатель 9.1'!$C$5:$C$6
Name Выбор_1.2: #REF!
Name Выбор_1.2: 'Показатель 8.1'!$C$5:$C$6
Name Выбор_1.2: 'Показатель 8.2'!$C$5:$C$6
Name Выбор_1.2: #REF!
Name Выбор_1.3: #REF!
Name Выбор_1.3: #REF!
Name Выбор_1.3: #REF!
Name Выбор_1.3: #REF!
Name Выбор_1.3: #REF!
Name Выбор_1.3: #REF!
Name Выбор_4.1: #REF!
Name Выбор_4.1: #REF!
Name Выбор_4.1: #REF!
Name Выбор_4.1: #REF!
Name Выбор_4.1: #REF!
Name Выбор_4.1: #REF!
Name Выбор_4.2: '[1]Показатель 4.2'!$C$5:$C$8
Name Выбор_4.3: '[1]Показатель 4.3'!$C$5:$C$7
Name Выбор_4.4: '[1]Показатель 4.4'!$C$6:$C$8
Name Выбор1.1: #REF!
Name Выбор1.1: #REF!
Name Выбор1.1: #REF!
Name Выбор1.1: #REF!
Name Выбор1.1: #REF!
Name Выбор1.1: #REF!
Name Да_нет: #REF!
Name Да_нет: #REF!
Name Да_нет: #REF!
Name Да_нет: #REF!
Name Да_нет: #REF!
Name Да_нет: #REF!
Name Коэфициент: [1]Параметры!$C$3:$C$4
Name Формат: Параметры!$C$3:$C$4

Sheet Оценка (Этап I - IV)
A1: Оценка муниципальных образований по I - IV этапам
A2: Календарный период | B2: 2018 год
A3: Наименование муниципального образования Саратовской обалсти | B3: Итого по I - IV этапам | C3: Итого по IV этапу | D3: Итого по III этапу | E3: Итого по II этапу | F3: Итого по I этапу
A4: Единица измерения | B4: баллов | C4: баллов | D4: баллов | E4: баллов | F4: баллов
A5: Максимальный балл | B5: =SUM(C5:F5) -> 40 | C5: 10 | D5: 10 | E5: 10 | F5: 10
A6: Городскте округа
A7: г. Саратов | B7: =SUM(C7:F7) -> 37 | C7: ='Оценка (Этап IV)'!B7 -> 10 | D7: 9 | E7: 9 | F7: 9
A8: ЗАТО Михайловское | B8: =SUM(C8:F8) -> 10.5 | C8: ='Оценка (Этап IV)'!B8 -> 4.5 | D8: 3 | E8: 1 | F8: 2
A9: ЗАТО Светлый | B9: =SUM(C9:F9) -> 25.5 | C9: ='Оценка (Этап IV)'!B9 -> 9 | D9: 5 | E9: 8.5 | F9: 3
A10: ЗАТО Шиханы | B10: =SUM(C10:F10) -> 22.5 | C10: ='Оценка (Этап IV)'!B10 -> 6.5 | D10: 4 | E10: 7 | F10: 5
A11: Муниципальные районы
A12: Александрово-Гайский | B12: =SUM(C12:F12) -> 9 | C12: ='Оценка (Этап IV)'!B12 -> 3 | D12: 3 | E12: 0 | F12: 3
A13: Аркадакский | B13: =SUM(C13:F13) -> 19 | C13: ='Оценка (Этап IV)'!B13 -> 6 | D13: 5 | E13: 2 | F13: 6
A14: Аткарский | B14: =SUM(C14:F14) -> 29.5 | C14: ='Оценка (Этап IV)'!B14 -> 7.5 | D14: 9 | E14: 9 | F14: 4
A15: Базарно-Карабулакский | B15: =SUM(C15:F15) -> 29 | C15: ='Оценка (Этап IV)'!B15 -> 8 | D15: 5.5 | E15: 7.5 | F15: 8
A16: Балаковский | B16: =SUM(C16:F16) -> 39 | C16: ='Оценка (Этап IV)'!B16 -> 10 | D16: 9 | E16: 10 | F16: 10
A17: Балашовский | B17: =SUM(C17:F17) -> 34 | C17: ='Оценка (Этап IV)'!B17 -> 10 | D17: 10 | E17: 10 | F17: 4
A18: Балтайский | B18: =SUM(C18:F18) -> 21 | C18: ='Оценка (Этап IV)'!B18 -> 8 | D18: 2.5 | E18: 4.5 | F18: 6
A19: Вольский | B19: =SUM(C19:F19) -> 10 | C19: ='Оценка (Этап IV)'!B19 -> 3 | D19: 2 | E19: 2 | F19: 3
A20: Воскресенский | B20: =SUM(C20:F20) -> 12.5 | C20: ='Оценка (Этап IV)'!B20 -> 4 | D20: 4 | E20: 1 | F20: 3.5
A21: Дергачевский | B21: =SUM(C21:F21) -> 25.5 | C21: ='Оценка (Этап IV)'!B21 -> 8 | D21: 6 | E21: 6 | F21: 5.5
A22: Духовницкий | B22: =SUM(C22:F22) -> 21.5 | C22: ='Оценка (Этап IV)'!B22 -> 6.5 | D22: 5 | E22: 5 | F22: 5
A23: Екатериновский | B23: =SUM(C23:F23) -> 14 | C23: ='Оценка (Этап IV)'!B23 -> 5 | D23: 4 | E23: 2 | F23: 3
... A49: Энгельсский | B49: =SUM(C49:F49) -> 23 | C49: ='Оценка (Этап IV)'!B49 -> 7 | D49: 2 | E49: 9 | F49: 5

Sheet Оценка (Этап IV)
A1: Оценка муниципальных образований по IV этапу «Составление проекта бюджета муниципального образования»
A2: Календарный период | B2: 2018 год
A3: Наименование муниципального образования Саратовской обалсти | B3: Итого по IV этапу | C3: ='Показатель 8.1'!A1 -> 8.1. Проект решения о бюджете муниципального образования | D3: ='Показатель 8.2'!A1 -> 8.2. Опубликование бюджета для граждан, разработанного на основе проекта решения о бюджете муниципального образования на очередной финансовый год (очередной финансовый год и плановый период), на портале (сайте) | E3: ='Показатель 9.1'!A1 -> 9.1. Информационное сообщение для граждан о проведении публичных слушаний по проекту решения о бюджете муниципального образования на очередной финансовый год (очередной финансовый год и плановый период) на портале (сайте) | F3: ='Показатель 9.2'!A1 -> 9.2. Проведение публичных слушаний по проекту решения о бюджете муниципального образования на очередной финансовый год (очередной финансовый год и плановый период) | G3: ='Показатель 9.3'!A1 -> 9.3. Возможность для граждан в электронном виде задать вопрос, направить отзыв и (или) предложение по бюджетной тематике
A4: Единица измерения | B4: баллов | C4: баллов | D4: баллов | E4: баллов | F4: баллов | G4: баллов
A5: Максимальный балл | B5: =SUM(C5:G5) -> 10 | C5: ='Методика IV этап'!C8 -> 4 | D5: ='Методика IV этап'!C13 -> 3 | E5: ='Методика IV этап'!C20 -> 1 | F5: ='Методика IV этап'!C24 -> 1 | G5: ='Методика IV этап'!C28 -> 1
A6: Городскте округа
A7: г. Саратов | B7: =SUM(C7:G7) -> 10 | C7: ='Показатель 8.1'!J9 -> 4 | D7: ='Показатель 8.2'!H10 -> 3 | E7: ='Показатель 9.1'!H8 -> 1 | F7: ='Показатель 9.2'!J8 -> 1 | G7: ='Показатель 9.3'!G8 -> 1
A8: ЗАТО Михайловское | B8: =SUM(C8:G8) -> 4.5 | C8: ='Показатель 8.1'!J10 -> 2 | D8: ='Показатель 8.2'!H11 -> 1 | E8: ='Показатель 9.1'!H9 -> 0 | F8: ='Показатель 9.2'!J9 -> 0.5 | G8: ='Показатель 9.3'!G9 -> 1
A9: ЗАТО Светлый | B9: =SUM(C9:G9) -> 9 | C9: ='Показатель 8.1'!J11 -> 4 | D9: ='Показатель 8.2'!H12 -> 2 | E9: ='Показатель 9.1'!H10 -> 1 | F9: ='Показатель 9.2'!J10 -> 1 | G9: ='Показатель 9.3'!G10 -> 1
A10: ЗАТО Шиханы | B10: =SUM(C10:G10) -> 6.5 | C10: ='Показатель 8.1'!J12 -> 4 | D10: ='Показатель 8.2'!H13 -> 1.5 | E10: ='Показатель 9.1'!H11 -> 0 | F10: ='Показатель 9.2'!J11 -> 0 | G10: ='Показатель 9.3'!G11 -> 1
A11: Муниципальные районы
A12: Александрово-Гайский | B12: =SUM(C12:G12) -> 3 | C12: ='Показатель 8.1'!J14 -> 1 | D12: ='Показатель 8.2'!H15 -> 1 | E12: ='Показатель 9.1'!H13 -> 0 | F12: ='Показатель 9.2'!J13 -> 0 | G12: ='Показатель 9.3'!G13 -> 1
A13: Аркадакский | B13: =SUM(C13:G13) -> 6 | C13: ='Показатель 8.1'!J15 -> 4 | D13: ='Показатель 8.2'!H16 -> 1 | E13: ='Показатель 9.1'!H14 -> 0 | F13: ='Показатель 9.2'!J14 -> 0 | G13: ='Показатель 9.3'!G14 -> 1
A14: Аткарский | B14: =SUM(C14:G14) -> 7.5 | C14: ='Показатель 8.1'!J16 -> 4 | D14: ='Показатель 8.2'!H17 -> 1.5 | E14: ='Показатель 9.1'!H15 -> 1 | F14: ='Показатель 9.2'!J15 -> 0 | G14: ='Показатель 9.3'!G15 -> 1
A15: Базарно-Карабулакский | B15: =SUM(C15:G15) -> 8 | C15: ='Показатель 8.1'!J17 -> 4 | D15: ='Показатель 8.2'!H18 -> 1 | E15: ='Показатель 9.1'!H16 -> 1 | F15: ='Показатель 9.2'!J16 -> 1 | G15: ='Показатель 9.3'!G16 -> 1
A16: Балаковский | B16: =SUM(C16:G16) -> 10 | C16: ='Показатель 8.1'!J18 -> 4 | D16: ='Показатель 8.2'!H19 -> 3 | E16: ='Показатель 9.1'!H17 -> 1 | F16: ='Показатель 9.2'!J17 -> 1 | G16: ='Показатель 9.3'!G17 -> 1
A17: Балашовский | B17: =SUM(C17:G17) -> 10 | C17: ='Показатель 8.1'!J19 -> 4 | D17: ='Показатель 8.2'!H20 -> 3 | E17: ='Показатель 9.1'!H18 -> 1 | F17: ='Показатель 9.2'!J18 -> 1 | G17: ='Показатель 9.3'!G18 -> 1
A18: Балтайский | B18: =SUM(C18:G18) -> 8 | C18: ='Показатель 8.1'!J20 -> 4 | D18: ='Показатель 8.2'!H21 -> 2 | E18: ='Показатель 9.1'!H19 -> 0 | F18: ='Показатель 9.2'!J19 -> 1 | G18: ='Показатель 9.3'!G19 -> 1
A19: Вольский | B19: =SUM(C19:G19) -> 3 | C19: ='Показатель 8.1'!J21 -> 2 | D19: ='Показатель 8.2'!H22 -> 0 | E19: ='Показатель 9.1'!H20 -> 0 | F19: ='Показатель 9.2'!J20 -> 0 | G19: ='Показатель 9.3'!G20 -> 1
A20: Воскресенский | B20: =SUM(C20:G20) -> 4 | C20: ='Показатель 8.1'!J22 -> 2 | D20: ='Показатель 8.2'!H23 -> 0.5 | E20: ='Показатель 9.1'!H21 -> 0 | F20: ='Показатель 9.2'!J21 -> 0.5 | G20: ='Показатель 9.3'!G21 -> 1
A21: Дергачевский | B21: =SUM(C21:G21) -> 8 | C21: ='Показатель 8.1'!J23 -> 4 | D21: ='Показатель 8.2'!H24 -> 1 | E21: ='Показатель 9.1'!H22 -> 1 | F21: ='Показатель 9.2'!J22 -> 1 | G21: ='Показатель 9.3'!G22 -> 1
A22: Духовницкий | B22: =SUM(C22:G22) -> 6.5 | C22: ='Показатель 8.1'!J24 -> 4 | D22: ='Показатель 8.2'!H25 -> 0.5 | E22: ='Показатель 9.1'!H23 -> 1 | F22: ='Показатель 9.2'!J23 -> 0 | G22: ='Показатель 9.3'!G23 -> 1
A23: Екатериновский | B23: =SUM(C23:G23) -> 5 | C23: ='Показатель 8.1'!J25 -> 2 | D23: ='Показатель 8.2'!H26 -> 2 | E23: ='Показатель 9.1'!H24 -> 0 | F23: ='Показатель 9.2'!J24 -> 0 | G23: ='Показатель 9.3'!G24 -> 1
... A49: Энгельсский | B49: =SUM(C49:G49) -> 7 | C49: ='Показатель 8.1'!J51 -> 4 | D49: ='Показатель 8.2'!H52 -> 0.5 | E49: ='Показатель 9.1'!H50 -> 1 | F49: ='Показатель 9.2'!J50 -> 0.5 | G49: ='Показатель 9.3'!G50 -> 1

Sheet Методика IV этап
A1: IV этап. Составление проекта бюджета муниципального образования
A3: № п/п | B3: Вопросы и варианты ответов | C3: Баллы
A5: 8. | B5: Проект бюджета муниципального образования | C5: =C8+C13 -> 7
A6: 8.1 | B6: Опубликование проекта решения о бюджете муниципального образования на очередной финансовый год (очередной финансовый год и плановый период) на портале (сайте)
B7: В целях оценки показателя учитывается публикация проекта решения о бюджете муниципального образования в полном объеме, включая текстовую часть и все приложения к нему. Публикация отдельных составляющих в целях оценки показателя не учитывается. Проект решения о бюджете муниципального образования и материалы к нему должны быть опубликованы в течение 10 рабочих дней после внесения проекта решения в представительный орган муниципального образования и сохраняться не менее трех лет. В случае нарушения указанного срока применяется понижающий коэффициент за несоблюдение сроков обеспечения доступа к бюджетным данным. В случае, если в установленный срок документ не размещен, оценка показателя принимает значение 0 баллов.
B8: Опубликован в структурированном виде, с указанием полных или кратких наименований всех составляющих | C8: 4
B9: Опубликован, но не в структурированном виде и (или) без указания полных или кратких наименований всех составляющих | C9: 2
B10: Не опубликован | C10: 0
A11: 8.2 | B11: Опубликование бюджета для граждан, разработанного на основе проекта решения о бюджете муниципального образования на очередной финансовый год (очередной финансовый год и плановый период), на портале (сайте)
B12: В целях оценки показателя учитывается публикация информации в виде брошюр (презентаций), либо в виде отдельных сведений, опубликованных на портале (сайте). В том числе, должна быть представлена следующая информация: 1) показатели прогноза социально-экономического развития, на основе которых сформирован проект бюджета на очередной финансовый год и плановый период (в том числе, показатели, характеризующие объемы производства, численность и состав населения и т.д.); 2) сведения о доходах бюджета муниципального образования в разрезе видов доходов; 3) сведения о расходах бюджета муниципального образования по разделам и подразделам классификации расходов бюджета; 4) сведения о расходах бюджета муниципального образования на реализацию муниципальных программ, а также о целевых показателях (индикаторах), планируемых к достижению в результате их реализации; 5) сведения о социально-значимых проектах, предусмотренных к финансированию за счет бюджета муниципального; 6) сведения о планируемых объемах муниципального долга; 7) контактная информация для обратной связи с гражданами могут использовать для дальнейшего обсуждения и участия в бюджетном процессе. По пунктам 1-6 информация должна быть представлена в динамике: фактические значения за отчетный год, оценку за текущий год и прогноз на очередной финансовый год и плановый период. Бюджет для граждан, разработанный на основе проекта решения о бюджете муниципального образования, должен быть опубликован не позднее даты внесения проекта решения о бюджете муниципального образования в представительный орган и сохраняться не менее трех лет. При нарушении указанного срока применяется понижающий коэффициент за несоблюдение сроков обеспечения доступа к бюджетным данным. В случае, если в установленный срок документ не размещен, оценка показателя принимает значение 0 баллов.
B13: Опубликован и содержит информацию по всем ключевым элементам | C13: 3
B14: Опубликован и содержит информацию по пяти и более ключевым элементам | C14: 2
B15: Опубликован и содержит информацию по трем и более ключевым элементам | C15: 1
B16: Не опубликован или содержит информацию менее чем по трем ключевым элементам | C16: 0
A17: 9. | B17: Общественное участие | C17: =C20+C24+C28 -> 3
A18: 9.1 | B18: Опубликование информационного сообщения для граждан о проведении публичных слушаний по проекту решения о бюджете муниципального образования на очередной финансовый год (очередной финансовый год и плановый период) на портале (сайте)
B19: В составе информационных сообщений о проведении публичных слушаний в обязательном порядке должны быть указаны дата, время, место и порядок их проведения и определения результата. Если указанные сведения представлены частично, оценка показателя принимает значение 0 баллов. В случае, если в установленный срок в информационном сообщении ссылка (адрес) на раздел (страницу) портала (сайта), где опубликованы указанные материалы, отсутствует, а также если по указанной ссылке (адресу) проект решения о бюджете муниципального образования на очередной финансовый год (очередной финансовый год и плановый период) не опубликован, оценка показателя принимает значение 0 баллов. Информационное сообщение о проведении публичных слушаний по проекту решения о бюджете должно быть опубликовано не позднее, чем за пять рабочих дней до дня проведения публичных слушаний и сохраняться до принятия решения об исполнении бюджета. При нарушении указанного срока применяется понижающий коэффициент за несоблюдение сроков обеспечения доступа к бюджетным данным. В случае, если информационное сообщение о проведении публичных слушаний опубликовано в день их проведения или позднее, оценка показателя принимает значение 0 баллов.
B20: Опубликовано и содержит информацию о том, где можно ознакомиться с проектом решения о бюджете муниципального образования на очередной финансовый год (очередной финансовый год и плановый период) | C20: 1
B21: Не опубликовано, или публичные слушания не проводились, или не отвечает требованиям | C21: 0
A22: 9.2 | B22: Проведение публичных слушаний по проекту решения о бюджете муниципального образования на очередной финансовый год (очередной финансовый год и плановый период) и опубликование в составе материалов к проекту решения о бюджете муниципального образования на очередной финансовый год (очередной финансовый год и плановый период) итогового документа (решения/ протокола), принятого по результатам публичных слушаний, на портале (сайте)
B23: В целях оценки показателя учитывается официальный документ (решение/протокол), принятый по итогам публичных слушаний или общественного обсуждения и подписанный уполномоченным должностным лицом. Указанный документ должен быть опубликован не позднее 10 рабочих дней после проведения публичных слушаний и сохраняться не менее трех лет. При нарушении указанного срока применяется понижающий коэффициент за несоблюдение сроков обеспечения доступа к бюджетным данным. В случае, если в установленный срок документ не размещен, оценка показателя принимает значение 0 баллов.
B24: Проводились, и в составе материалов к проекту решения об исполнении бюджета муниципального образования за отчетный финансовый год опубликован итоговый документ (решение/протокол), принятый по результатам публичных слушаний | C24: 1
B25: Публичные слушания не проводились, или не опубликован итоговый документ (решение/протокол), принятый по результатам публичных слушаний | C25: 0
A26: 9.3 | B26: Предоставление органами местного самоуправления муниципального образования возможности для граждан в электронном виде задать вопрос, направить отзыв и (или) предложение по бюджетной тематике
B27: В целях оценки показателя учитывается наличие на портале (сайте) возможности направить вопрос, отзыв и (или) предложение по бюджетной тематике в электронном виде - через контекстное меню (не прибегая к помощи почтовых агентов, дополнительных программ).
B28: Данная возможность предоставлена | C28: 1
B29: Данная возможность отсутствует | C29: 0
B30: Итого баллов на IV этапе | C30: =C5+C17 -> 10

Sheet Показатель 8.1
A1: 8.1. Проект решения о бюджете муниципального образования
A2: Комментарий:
A3: ='Методика IV этап'!B7 -> В целях оценки показателя учитывается публикация проекта решения о бюджете муниципального образования в полном объеме, включая текстовую часть и все приложения к нему. Публикация отдельных составляющих в целях оценки показателя не учитывается. Проект решения о бюджете муниципального образования и материалы к нему должны быть опубликованы в течение 10 рабочих дней после внесения проекта решения в представительный орган муниципального образования и сохраняться не менее трех лет. В случае нарушения указанного срока применяется понижающий коэффициент за несоблюдение сроков обеспечения доступа к бюджетным данным. В случае, если в установленный срок документ не размещен, оценка показателя принимает значение 0 баллов.
A4: № п/п | B4: Наименование муниципального образования Саратовской обалсти | C4: ='Методика IV этап'!B6 -> Опубликование проекта решения о бюджете муниципального образования на очередной финансовый год (очередной финансовый год и плановый период) на портале (сайте) | D4: Формат (указать формат документа) | E4: Доступность (указать, если возникли трудности с поиском документа, если переход осуществляется более, чем за 5 «кликов» с основной страницы портала (сайта), если название раздела не соответствует содержанию) | F4: Оценка показателя 8.1 | K4: Ссылка на источник данных | L4: Комментарии
B5: Варианты ответов | C5: ='Методика IV этап'!B8 -> Опубликован в структурированном виде, с указанием полных или кратких наименований всех составляющих | D5: Word, Excel, PDF | F5: баллы | G5: понижающие коэффициенты | J5: Итого
C6: ='Методика IV этап'!B9 -> Опубликован, но не в структурированном виде и (или) без указания полных или кратких наименований всех составляющих | G6: графический формат | H6: затруднен-ный поиск | I6: несоблюде-ние сроков
C7: ='Методика IV этап'!B10 -> Не опубликован
B8: Городскте округа
A9: 1 | B9: г. Саратов | C9: Опубликован в структурированном виде, с указанием полных или кратких наименований всех составляющих | D9: Word | F9: =IF(C9=$C$5,4,IF(C9=$C$6,2,0)) -> 4 | J9: =F9*(1-G9)*(1-H9)*(1-I9) -> 4 | K9: http://www.saratovmer.ru/budget/rubrics/4/1287.html
A10: 2 | B10: ЗАТО Михайловское | C10: Опубликован, но не в структурированном виде и (или) без указания полных или кратких наименований всех составляющих | D10: Word, Ехсеl | F10: =IF(C10=$C$5,4,IF(C10=$C$6,2,0)) -> 2 | J10: =F10*(1-H10)*(1-I10) -> 2 | K10: http://mihailovski.ru/administratsiya/finansy/byudzhet/2019-2021-god/proekt-byudzheta-gorodskogo-okruga-zato-mikhaylovs/ | L10: Для структурированного вида необходимо, чтобы каждое приложение было отдельным файлом с кратким или полным наименованием.
A11: 3 | B11: ЗАТО Светлый | C11: Опубликован в структурированном виде, с указанием полных или кратких наименований всех составляющих | D11: Web, Word | F11: =IF(C11=$C$5,4,IF(C11=$C$6,2,0)) -> 4 | J11: =F11*(1-H11)*(1-I11) -> 4 | K11: http://www.zatosvetly.ru/city/economics_amp_finance/byudzhet-gorodskogo-okruga/byudzhet-gorodskogo-okruga-zato-svetlyy/2019/ | L11: Нет возможности скачать текстовую часть проекта.
A12: 4 | B12: ЗАТО Шиханы | C12: Опубликован в структурированном виде, с указанием полных или кратких наименований всех составляющих | D12: Word, Ехсеl | F12: =IF(C12=$C$5,4,IF(C12=$C$6,2,0)) -> 4 | J12: =F12*(1-H12)*(1-I12) -> 4 | K12: http://zatoshihany.ru/budget/proekty-resheniy/2019/
B13: Муниципальные районы
A14: 5 | B14: Александрово-Гайский | C14: Опубликован, но не в структурированном виде и (или) без указания полных или кратких наименований всех составляющих | D14: Word | F14: =IF(C14=$C$5,4,IF(C14=$C$6,2,0)) -> 2 | I14: 0.5 | J14: =F14*(1-H14)*(1-I14)*(1-G14) -> 1 | K14: http://algay.sarmo.ru/byudzhet-ekonomika-finansy/proekt-byudzheta/proekt-byudzheta-na-2019-2021-gody.php | L14: Файл изменен 25.12.2018
A15: 6 | B15: Аркадакский | C15: Опубликован в структурированном виде, с указанием полных или кратких наименований всех составляющих | D15: PDF, Word | F15: =IF(C15=$C$5,4,IF(C15=$C$6,2,0)) -> 4 | J15: =F15*(1-H15)*(1-I15)*(1-G15) -> 4 | K15: http://arkadak.sarmo.ru/byudzhet-munitsipalnogo-rayona/reshenie-o-byudzhete/byudzhet2019-proekt.php
A16: 7 | B16: Аткарский | C16: Опубликован в структурированном виде, с указанием полных или кратких наименований всех составляющих | D16: Word | F16: =IF(C16=$C$5,4,IF(C16=$C$6,2,0)) -> 4 | J16: =F16*(1-H16)*(1-I16)*(1-G16) -> 4 | K16: http://proatkarsk.ru/CityArticles.aspx?articleid=8171
A17: 8 | B17: Базарно-Карабулакский | C17: Опубликован в структурированном виде, с указанием полных или кратких наименований всех составляющих | D17: Web, Word | F17: =IF(C17=$C$5,4,IF(C17=$C$6,2,0)) -> 4 | J17: =F17*(1-H17)*(1-I17)*(1-G17) -> 4 | K17: http://bkarabulak.sarmo.ru/index.php?option=com_content&view=article&id=9272&Itemid=342
A18: 9 | B18: Балаковский | C18: Опубликован в структурированном виде, с указанием полных или кратких наименований всех составляющих | D18: Word | F18: =IF(C18=$C$5,4,IF(C18=$C$6,2,0)) -> 4 | J18: =F18*(1-H18)*(1-I18)*(1-G18) -> 4 | K18: http://balkomfin.ru/
A19: 10 | B19: Балашовский | C19: Опубликован в структурированном виде, с указанием полных или кратких наименований всех составляющих | D19: Word | F19: =IF(C19=$C$5,4,IF(C19=$C$6,2,0)) -> 4 | J19: =F19*(1-H19)*(1-I19)*(1-G19) -> 4 | K19: http://baladmin.ru/byudzhet-na-2019-god-i-planovyy-period-2019-i-2020-godov.php?clear_cache=Y
A20: 11 | B20: Балтайский | C20: Опубликован в структурированном виде, с указанием полных или кратких наименований всех составляющих | D20: Web, Word | F20: =IF(C20=$C$5,4,IF(C20=$C$6,2,0)) -> 4 | J20: =F20*(1-H20)*(1-I20)*(1-G20) -> 4 | K20: http://adm-baltay.ru/finansovoe-upravlenie/proekt-mestnogo-byudzheta-baltayskogo-munitsipalnogo-rayona-na-2019-god-i-planovyiy-period-2020-2021-godov/
A21: 12 | B21: Вольский | C21: Опубликован, но не в структурированном виде и (или) без указания полных или кратких наименований всех составляющих | D21: Word | F21: =IF(C21=$C$5,4,IF(C21=$C$6,2,0)) -> 2 | J21: =F21*(1-H21)*(1-I21)*(1-G21) -> 2 | K21: http://volsk-ms.ru/resheniya-vms/proektyi/
A22: 13 | B22: Воскресенский | C22: Опубликован в структурированном виде, с указанием полных или кратких наименований всех составляющих | D22: Word | F22: =IF(C22=$C$5,4,IF(C22=$C$6,2,0)) -> 4 | I22: 0.5 | J22: =F22*(1-H22)*(1-I22)*(1-G22) -> 2 | K22: http://voskresensk64.ru/administration/statistics/benefits/budjet-vmr/ | L22: Архив создан 27.12.2018
A23: 14 | B23: Дергачевский | C23: Опубликован в структурированном виде, с указанием полных или кратких наименований всех составляющих | D23: Word, Ехсеl | F23: =IF(C23=$C$5,4,IF(C23=$C$6,2,0)) -> 4 | J23: =F23*(1-H23)*(1-I23)*(1-G23) -> 4 | K23: http://dergachi.sarmo.ru/sobranie-dergachevskogo-munitsipalnogo-rayona/proekty-sobraniya-dergachevskogo-munitsipalnogo-rayona/
A24: 15 | B24: Духовницкий | C24: Опубликован в структурированном виде, с указанием полных или кратких наименований всех составляющих | D24: Word | F24: =IF(C24=$C$5,4,IF(C24=$C$6,2,0)) -> 4 | J24: =F24*(1-H24)*(1-I24)*(1-G24) -> 4 | K24: http://duhovnitskoe.sarmo.ru/predstavitelnyy-organ/npa/mpa-2018/?ELEMENT_ID=2395
A25: 16 | B25: Екатериновский | C25: Опубликован, но не в структурированном виде и (или) без указания полных или кратких наименований всех составляющих | D25: Word | F25: =IF(C25=$C$5,4,IF(C25=$C$6,2,0)) -> 2 | J25: =F25*(1-H25)*(1-I25)*(1-G25) -> 2 | K25: http://ekaterinovka.sarmo.ru/rayonnoe-sobranie/2018.php
A26: 17 | B26: Ершовский | C26: Опубликован в структурированном виде, с указанием полных или кратких наименований всех составляющих | D26: Word, Exel | F26: =IF(C26=$C$5,4,IF(C26=$C$6,2,0)) -> 4 | J26: =F26*(1-H26)*(1-I26)*(1-G26) -> 4 | K26: http://ershov.sarmo.ru/byudzhet-i-finansy/byudzhet/proekt-resheniya-o-byudzhete-ershovskogo-munitsipalnogo-rayona-saratovskoy-oblasti-na-2019-god-i-na-/Проект%20бюджета%202019г.%20и%20плановыйпе%20риод%202020-2021г.zip
A27: 18 | B27: Ивантеевский | C27: Опубликован в структурированном виде, с указанием полных или кратких наименований всех составляющих | D27: Web, Word | F27: =IF(C27=$C$5,4,IF(C27=$C$6,2,0)) -> 4 | J27: =F27*(1-H27)*(1-I27)*(1-G27) -> 4 | K27: http://ivanteevka.sarmo.ru/byudzhet-dlya-grazhdan/proekt-byudzheta-dlya-grazhdan/proekt-resheniya-byudzheta-na-2019-god/ | L27: Нет возможности скачать текстовую часть проекта.
A28: 19 | B28: Калининский | C28: Опубликован, но не в структурированном виде и (или) без указания полных или кратких наименований всех составляющих | D28: Word | F28: =IF(C28=$C$5,4,IF(C28=$C$6,2,0)) -> 2 | J28: =F28*(1-H28)*(1-I28)*(1-G28) -> 2 | K28: http://kalininsk.sarmo.ru/predstavitelnyy-organ-munitsipalnogo-rayona/dokumenty-normativnye-akty/
A29: 20 | B29: Красноармейский | C29: Опубликован в структурированном виде, с указанием полных или кратких наименований всех составляющих | D29: Word, Ехсеl | F29: =IF(C29=$C$5,4,IF(C29=$C$6,2,0)) -> 4 | J29: =F29*(1-H29)*(1-I29)*(1-G29) -> 4 | K29: http://krasnoarmeysk.sarmo.ru/krasnoarmeyskiy-rayon/byudzhet/reshenie-o-byudzhete-krasnoarmeyskogo-munitsipalnogo-rayona/
A30: 21 | B30: Краснокутский | C30: Опубликован в структурированном виде, с указанием полных или кратких наименований всех составляющих | D30: Word | E30: раздел Финансы/Новости | F30: =IF(C30=$C$5,4,IF(C30=$C$6,2,0)) -> 4 | J30: =F30*(1-H30)*(1-I30)*(1-G30) -> 4 | K30: http://krasny-kut.ru/krasnokutskij_rajon/finansy/novosti/
A31: 22 | B31: Краснопартизанский | C31: Опубликован в структурированном виде, с указанием полных или кратких наименований всех составляющих | D31: Word, Ехсеl | F31: =IF(C31=$C$5,4,IF(C31=$C$6,2,0)) -> 4 | J31: =F31*(1-H31)*(1-I31)*(1-G31) -> 4 | K31: http://adminkmr.ru/images/doc/%D0%9F%D1%80%D0%BE%D0%B5%D0%BA%D1%82%20%D1%80%D0%B5%D1%88%D0%B5%D0%BD%D0%B8%D1%8F%20%D0%BE%20%D0%B1%D1%8E%D0%B4%D0%B6%D0%B5%D1%82%D0%B5%20%20%D0%BC%D1%83%D0%BD%D0%B8%D1%86%D0%B8%D0%BF%D0%B0%D0%BB%D1%8C%D0%BD%D0%BE%D0%B3%D0%BE%20%D1%80%D0%B0%D0%B9%D0%BE%D0%BD%D0%B0.rar
A32: 23 | B32: Лысогорский | C32: Опубликован, но не в структурированном виде и (или) без указания полных или кратких наименований всех составляющих | D32: Word | F32: =IF(C32=$C$5,4,IF(C32=$C$6,2,0)) -> 2 | J32: =F32*(1-H32)*(1-I32)*(1-G32) -> 2 | K32: http://adm.lysyegory.ru/base/5086-reshenie-ot-30-11-2018-goda-34188-o-prinjatii-k-rassmotreniyu-proekta-byudzheta-lysogorskogo-mu.html
A33: 24 | B33: Марксовский | C33: Опубликован в структурированном виде, с указанием полных или кратких наименований всех составляющих | D33: Word, Ехсеl | F33: =IF(C33=$C$5,4,IF(C33=$C$6,2,0)) -> 4 | I33: 0.5 | J33: =F33*(1-H33)*(1-I33)*(1-G33) -> 2 | K33: http://marksadm.ru/pr-but.html | L33: Постановляющая часть решения изменена 05.12.2018
A34: 25 | B34: Новобурасский | C34: Опубликован в структурированном виде, с указанием полных или кратких наименований всех составляющих | D34: Word, Ехсеl | F34: =IF(C34=$C$5,4,IF(C34=$C$6,2,0)) -> 4 | J34: =F34*(1-H34)*(1-I34)*(1-G34) -> 4 | K34: http://www.nbfin.ru/resheniya_o_byudzhetah/novoburasskogo_m_o/resheniya_o_vnesenii_izmenenij_v_byudzhet/na_2019_god/
A35: 26 | B35: Новоузенский | C35: Опубликован, но не в структурированном виде и (или) без указания полных или кратких наименований всех составляющих | D35: Word | E35: Размещен в одном файле вместе с решением от 22.11.2018 №45 "О назначении публичных слушаний…" | F35: =IF(C35=$C$5,4,IF(C35=$C$6,2,0)) -> 2 | H35: 0.5 | J35: =F35*(1-H35)*(1-I35)*(1-G35) -> 1 | K35: http://novouzensk.ru/sobranie/sobr/akty/
A36: 27 | B36: Озинский | C36: Опубликован в структурированном виде, с указанием полных или кратких наименований всех составляющих | D36: Word | F36: =IF(C36=$C$5,4,IF(C36=$C$6,2,0)) -> 4 | H36: 0.5 | J36: =F36*(1-H36)*(1-I36)*(1-G36) -> 2 | K36: http://ozinki.sarmo.ru/byudzhet/%D0%9E%20%D0%B1%D1%8E%D0%B4%D0%B6%D0%B5%D1%82%D0%B5%202019%20%D0%A0%D0%95%D0%A8%D0%95%D0%9D%D0%98%D0%95.doc | L36: По представленной ссылке только проект постановляющей части без приложений. Приложения опубликованы отдельно от проекта решения, в связи с чем применен понижающий коэффициент
A37: 28 | B37: Перелюбский | C37: Опубликован, но не в структурированном виде и (или) без указания полных или кратких наименований всех составляющих | D37: Word, Ехсеl | F37: =IF(C37=$C$5,4,IF(C37=$C$6,2,0)) -> 2 | J37: =F37*(1-H37)*(1-I37)*(1-G37) -> 2 | K37: http://adm-perelyb.ru/byudzhet-rayona/ | L37: Приложения размещены без кратких или полных наименований.
A38: 29 | B38: Петровский | C38: Опубликован в структурированном виде, с указанием полных или кратких наименований всех составляющих | D38: Web, Word | F38: =IF(C38=$C$5,4,IF(C38=$C$6,2,0)) -> 4 | J38: =F38*(1-H38)*(1-I38)*(1-G38) -> 4 | K38: http://petrovsk64.ru/sub-org/fin-upr/otkrytyy-byudzhet/byudzhet/proekt-resheniya-o-byudzhete/na-2019-god/
A39: 30 | B39: Питерский | C39: Опубликован в структурированном виде, с указанием полных или кратких наименований всех составляющих | D39: Word | F39: =IF(C39=$C$5,4,IF(C39=$C$6,2,0)) -> 4 | J39: =F39*(1-H39)*(1-I39)*(1-G39) -> 4 | K39: http://piterka.sarmo.ru/byudzhet-piterskogo-mr/proekt-byudzheta/proekt-byudzheta-na-2019-god-i-planovyy-period.php
A40: 31 | B40: Пугачевский | C40: Опубликован, но не в структурированном виде и (или) без указания полных или кратких наименований всех составляющих | D40: Word | F40: =IF(C40=$C$5,4,IF(C40=$C$6,2,0)) -> 2 | J40: =F40*(1-H40)*(1-I40)*(1-G40) -> 2 | K40: http://pugachev-adm.ru/proekt-byudzheta | L40: Приложения размещены без кратких или полных наименований.
A41: 32 | B41: Ровенский | C41: Опубликован в структурированном виде, с указанием полных или кратких наименований всех составляющих | D41: Word, Ехсеl | F41: =IF(C41=$C$5,4,IF(C41=$C$6,2,0)) -> 4 | J41: =F41*(1-H41)*(1-I41)*(1-G41) -> 4 | K41: http://rovnoe.sarmo.ru/byudzhet/2019-god/2019-god.php
A42: 33 | B42: Романовский | C42: Опубликован в структурированном виде, с указанием полных или кратких наименований всех составляющих | D42: Word | F42: =IF(C42=$C$5,4,IF(C42=$C$6,2,0)) -> 4 | I42: 0.5 | J42: =F42*(1-H42)*(1-I42)*(1-G42) -> 2 | K42: http://romanovka.sarmo.ru/byudzhet-dlya-grazhdan/byudzhet-romanovskogo-munitsipalnogo-rayona/kharakteristika-utverzhdennogo-byudzheta/ | L42: Документ создан 21.12.2018 г
A43: 34 | B43: Ртищевский | C43: Опубликован, но не в структурированном виде и (или) без указания полных или кратких наименований всех составляющих | D43: Word | F43: =IF(C43=$C$5,4,IF(C43=$C$6,2,0)) -> 2 | I43: 0.5 | J43: =F43*(1-H43)*(1-I43)*(1-G43) -> 1 | K43: http://rtishevo.sarmo.ru/finansovyy-organ/rtishchevskiy-munitsipalnyy-rayon/2019-god/reshenie-o-proekte-byudzheta-munitsipalnogo-rayona/ | L43: Файл изменен 21.12.18
A44: 35 | B44: Самойловский | C44: Опубликован в структурированном виде, с указанием полных или кратких наименований всех составляющих | D44: Word | F44: =IF(C44=$C$5,4,IF(C44=$C$6,2,0)) -> 4 | J44: =F44*(1-H44)*(1-I44)*(1-G44) -> 4 | K44: http://sam64.ru/ekonomika-i-byudzhet/byudzhet/proekt-byudzheta/
A45: 36 | B45: Саратовский | C45: Опубликован, но не в структурированном виде и (или) без указания полных или кратких наименований всех составляющих | D45: Word, Ехсеl | F45: =IF(C45=$C$5,4,IF(C45=$C$6,2,0)) -> 2 | I45: 0.5 | J45: =F45*(1-H45)*(1-I45)*(1-G45) -> 1 | K45: http://saratov.sarmo.ru/index.php?option=com_content&view=article&id=5087&Itemid=514 | L45: Для структурированного вида необходимо, чтобы каждое приложение было отдельным файлом с кратким или полным наименованием. Создан 10.12.2018
A46: 37 | B46: Советский | C46: Опубликован в структурированном виде, с указанием полных или кратких наименований всех составляющих | D46: Word, Ехсеl | F46: =IF(C46=$C$5,4,IF(C46=$C$6,2,0)) -> 4 | J46: =F46*(1-H46)*(1-I46)*(1-G46) -> 4 | K46: http://stepnoeadm.ru/%D0%B1%D1%8E%D0%B4%D0%B6%D0%B5%D1%82/%D0%BC%D0%B5%D1%81%D1%82%D0%BD%D1%8B%D0%B9-%D0%B1%D1%8E%D0%B4%D0%B6%D0%B5%D1%82/
A47: 38 | B47: Татищевский | C47: Опубликован в структурированном виде, с указанием полных или кратких наименований всех составляющих | D47: Web, Word | F47: =IF(C47=$C$5,4,IF(C47=$C$6,2,0)) -> 4 | J47: =F47*(1-H47)*(1-I47)*(1-G47) -> 4 | K47: http://tatishevo.saratov.gov.ru/index.php?option=com_content&view=article&id=2666:2016-02-02-08-52-24&catid=64:2009-12-20-17-44-19&Itemid=91
A48: 39 | B48: Турковский | C48: Опубликован, но не в структурированном виде и (или) без указания полных или кратких наименований всех составляющих | D48: Word | F48: =IF(C48=$C$5,4,IF(C48=$C$6,2,0)) -> 2 | J48: =F48*(1-H48)*(1-I48)*(1-G48) -> 2 | K48: http://turki.sarmo.ru/otkrytyy-byudzhet/byudzhet-turkovskogo-munitsipalnogo-rayona/ | L48: Отсутствует краткое или полное наименование у файлов с приложениями.
A49: 40 | B49: Федоровский | C49: Опубликован в структурированном виде, с указанием полных или кратких наименований всех составляющих | D49: Word, Ехсеl | F49: =IF(C49=$C$5,4,IF(C49=$C$6,2,0)) -> 4 | J49: =F49*(1-H49)*(1-I49)*(1-G49) -> 4 | K49: http://fedormr.ru/byudzhet/byudzhet-2019.php
A50: 41 | B50: Хвалынский | C50: Не опубликован | F50: =IF(C50=$C$5,4,IF(C50=$C$6,2,0)) -> 0 | J50: =F50*(1-H50)*(1-I50)*(1-G50) -> 0 | K50: http://hvalynsk.sarmo.ru/administratsiya-khvalynskogo-munitsipalnogo-rayona/byudzhet/resheniya/index.php | L50: По предоставленной ссылке проект решения о бюджете муниципального образования на очередной финансовый год не обнаружен (только принятое решение о бюджете).
A51: 42 | B51: Энгельсский | C51: Опубликован в структурированном виде, с указанием полных или кратких наименований всех составляющих | D51: Word, Ехсеl | F51: =IF(C51=$C$5,4,IF(C51=$C$6,2,0)) -> 4 | J51: =F51*(1-H51)*(1-I51)*(1-G51) -> 4 | K51: www.engels-city.ru/publichnye-slushaniya/52251-proekt-resheniya-ob-utverzhdenii-byudzheta-engelsskogo-munitsipalnogo-rajona-na-2019-god-i-na-planovyj-period-2020-i-2021-godov

Sheet Показатель 8.2
A1: 8.2. Опубликование бюджета для граждан, разработанного на основе проекта решения о бюджете муниципального образования на очередной финансовый год (очередной финансовый год и плановый период), на портале (сайте)
A2: Комментарий:
A3: ='Методика IV этап'!B12 -> В целях оценки показателя учитывается публикация информации в виде брошюр (презентаций), либо в виде отдельных сведений, опубликованных на портале (сайте). В том числе, должна быть представлена следующая информация: 1) показатели прогноза социально-экономического развития, на основе которых сформирован проект бюджета на очередной финансовый год и плановый период (в том числе, показатели, характеризующие объемы производства, численность и состав населения и т.д.); 2) сведения о доходах бюджета муниципального образования в разрезе видов доходов; 3) сведения о расходах бюджета муниципального образования по разделам и подразделам классификации расходов бюджета; 4) сведения о расходах бюджета муниципального образования на реализацию муниципальных программ, а также о целевых показателях (индикаторах), планируемых к достижению в результате их реализации; 5) сведения о социально-значимых проектах, предусмотренных к финансированию за счет бюджета муниципального; 6) сведения о планируемых объемах муниципального долга; 7) контактная информация для обратной связи с гражданами могут использовать для дальнейшего обсуждения и участия в бюджетном процессе. По пунктам 1-6 информация должна быть представлена в динамике: фактические значения за отчетный год, оценку за текущий год и прогноз на очередной финансовый год и плановый период. Бюджет для граждан, разработанный на основе проекта решения о бюджете муниципального образования, должен быть опубликован не позднее даты внесения проекта решения о бюджете муниципального образования в представительный орган и сохраняться не менее трех лет. При нарушении указанного срока применяется понижающий коэффициент за несоблюдение сроков обеспечения доступа к бюджетным данным. В случае, если в установленный срок документ не размещен, оценка показателя принимает значение 0 баллов.
A4: № п/п | B4: Наименование муниципального образования Саратовской обалсти | C4: ='Методика IV этап'!B11 -> Опубликование бюджета для граждан, разработанного на основе проекта решения о бюджете муниципального образования на очередной финансовый год (очередной финансовый год и плановый период), на портале (сайте) | D4: Доступность (указать, если возникли трудности с поиском документа, если переход осуществляется более, чем за 5 «кликов» с основной страницы портала (сайта), если название раздела не соответствует содержанию) | E4: Оценка показателя 8.2 | I4: Ссылка на источник данных | J4: Комментарии
B5: Варианты ответов | C5: ='Методика IV этап'!B13 -> Опубликован и содержит информацию по всем ключевым элементам | E5: баллы | F5: понижающие коэффициенты | H5: Итого
C6: ='Методика IV этап'!B14 -> Опубликован и содержит информацию по пяти и более ключевым элементам | F6: затруднен-ный поиск | G6: несоблюде-ние сроков
C7: ='Методика IV этап'!B15 -> Опубликован и содержит информацию по трем и более ключевым элементам
C8: ='Методика IV этап'!B16 -> Не опубликован или содержит информацию менее чем по трем ключевым элементам
B9: Городскте округа
A10: 1 | B10: г. Саратов | C10: Опубликован и содержит информацию по всем ключевым элементам | E10: =IF(C10=$C$5,3,(IF(C10=$C$6,2,(IF(C10=$C$7,1,0))))) -> 3 | H10: =E10*(1-F10)*(1-G10) -> 3 | I10: http://www.saratovmer.ru/budget/rubrics/6/1289.html
A11: 2 | B11: ЗАТО Михайловское | C11: Опубликован и содержит информацию по пяти и более ключевым элементам | E11: =IF(C11=$C$5,3,(IF(C11=$C$6,2,(IF(C11=$C$7,1,0))))) -> 2 | G11: 0.5 | H11: =E11*(1-F11)*(1-G11) -> 1 | I11: http://mihailovski.ru/administratsiya/finansy/byudzhet-dlya-grazhdan/byudzhet-dlya-grazhdan-k-proektu-byudzheta-gorodsk/ | J11: Отсутствуют пункт 5, пункт 4 не соответствует (отсутствуют целевые показатели), пункт 6 отсутствует. Файл изменен 27.11.2018 в связи с чем применен коэффициент.
A12: 3 | B12: ЗАТО Светлый | C12: Опубликован и содержит информацию по пяти и более ключевым элементам | E12: =IF(C12=$C$5,3,(IF(C12=$C$6,2,(IF(C12=$C$7,1,0))))) -> 2 | H12: =E12*(1-F12)*(1-G12) -> 2 | I12: http://www.zatosvetly.ru/city/economics_amp_finance/byudzhet-gorodskogo-okruga/byudzhet-dlya-grazhdan/ | J12: Отсутствует пункт 5
A13: 4 | B13: ЗАТО Шиханы | C13: Опубликован и содержит информацию по всем ключевым элементам | E13: =IF(C13=$C$5,3,(IF(C13=$C$6,2,(IF(C13=$C$7,1,0))))) -> 3 | G13: 0.5 | H13: =E13*(1-F13)*(1-G13) -> 1.5 | I13: http://zatoshihany.ru/budget/byudzhet-dlya-grazhdan/ | J13: Не представлены сведения по расходам в разрезе подразделов. Дата последнего изменения в брошюре - 17.12.2018, в связи с чем применен коэффициент
B14: Муниципальные районы
A15: 5 | B15: Александрово-Гайский | C15: Опубликован и содержит информацию по пяти и более ключевым элементам | E15: =IF(C15=$C$5,3,(IF(C15=$C$6,2,(IF(C15=$C$7,1,0))))) -> 2 | G15: 0.5 | H15: =E15*(1-F15)*(1-G15) -> 1 | I15: http://algay.sarmo.ru/byudzhet-ekonomika-finansy/byudzhet-dlya-grazhdan.php | J15: В брошюре нет сведений о социально-значимых проектах и о планируемых объемах муниципального долга. Понижающий коэфф. применен т.к. дата последнего изменения в брошюре - 24.12.2018, проект бюджета принят к рассмотрению 15.11.2018 решением №136
A16: 6 | B16: Аркадакский | C16: Опубликован и содержит информацию по пяти и более ключевым элементам | E16: =IF(C16=$C$5,3,(IF(C16=$C$6,2,(IF(C16=$C$7,1,0))))) -> 2 | G16: 0.5 | H16: =E16*(1-F16)*(1-G16) -> 1 | I16: http://arkadak.sarmo.ru/byudzhet-munitsipalnogo-rayona/byudzhet-dlya-grazhdan.php | J16: Отсутствует пункт 6, пункт 3 не соответствует (сведения не в разрезе подразделов) . Бюджет для граждан, разработанный на основе проекта решения о бюджете муниципального образования, должен быть опубликован не позднее даты внесения проекта решения о бюджете муниципального образования в представительный орган (дата последнего изменения в брошюре - 23.11.2018, а решением от 14.11.2018 года № 16-97 проект принят к рассмотрению ).
A17: 7 | B17: Аткарский | C17: Опубликован и содержит информацию по всем ключевым элементам | E17: =IF(C17=$C$5,3,(IF(C17=$C$6,2,(IF(C17=$C$7,1,0))))) -> 3 | G17: 0.5 | H17: =E17*(1-F17)*(1-G17) -> 1.5 | I17: http://proatkarsk.ru/CityArticles.aspx?articleid=8190 | J17: пункт 6 не содержит факттические показатели, только прогнозируемые.Файл изменен 12.12.2018
A18: 8 | B18: Базарно-Карабулакский | C18: Опубликован и содержит информацию по пяти и более ключевым элементам | E18: =IF(C18=$C$5,3,(IF(C18=$C$6,2,(IF(C18=$C$7,1,0))))) -> 2 | G18: 0.5 | H18: =E18*(1-F18)*(1-G18) -> 1 | I18: http://bkarabulak.sarmo.ru/index.php?option=com_content&view=article&id=3965&Itemid=312 | J18: Пункт 3 не соответствует (сведения о расходах не в разрезе подразделов), пункт 4 не соответствует (отсутствуют целевые показатели) Файл изменен 21.11.2018 г
A19: 9 | B19: Балаковский | C19: Опубликован и содержит информацию по всем ключевым элементам | E19: =IF(C19=$C$5,3,(IF(C19=$C$6,2,(IF(C19=$C$7,1,0))))) -> 3 | H19: =E19*(1-F19)*(1-G19) -> 3 | I19: http://balkomfin.ru/
A20: 10 | B20: Балашовский | C20: Опубликован и содержит информацию по всем ключевым элементам | E20: =IF(C20=$C$5,3,(IF(C20=$C$6,2,(IF(C20=$C$7,1,0))))) -> 3 | H20: =E20*(1-F20)*(1-G20) -> 3 | I20: http://baladmin.ru/administration/divisions-structure/finance/otkritiy-byudzhet.php
A21: 11 | B21: Балтайский | C21: Опубликован и содержит информацию по пяти и более ключевым элементам | E21: =IF(C21=$C$5,3,(IF(C21=$C$6,2,(IF(C21=$C$7,1,0))))) -> 2 | H21: =E21*(1-F21)*(1-G21) -> 2 | I21: http://adm-baltay.ru/finansovoe-upravlenie/proekt-mestnogo-byudzheta-baltayskogo-munitsipalnogo-rayona-na-2019-god-i-planovyiy-period-2020-2021-godov/ | J21: Пункт 4 не соответствует требованиям (отсутствуют сведения о целевых показателях по муниципальным программам ).
A22: 12 | B22: Вольский | C22: Не опубликован или содержит информацию менее чем по трем ключевым элементам | E22: =IF(C22=$C$5,3,(IF(C22=$C$6,2,(IF(C22=$C$7,1,0))))) -> 0 | H22: =E22*(1-F22)*(1-G22) -> 0 | J22: На сайте информация не опубликована.
A23: 13 | B23: Воскресенский | C23: Опубликован и содержит информацию по трем и более ключевым элементам | E23: =IF(C23=$C$5,3,(IF(C23=$C$6,2,(IF(C23=$C$7,1,0))))) -> 1 | G23: 0.5 | H23: =E23*(1-F23)*(1-G23) -> 0.5 | I23: http://voskresensk64.ru/administration/statistics/Budget%20for%20citizens/ | J23: Отсутствует пункт 5, пункт 3 не соответствует (сведения не в разрезе подразделов), пункт 4 не соответствует требованиям (отсутствуют целевые показатели). Файл изменен 19.11.2018
A24: 14 | B24: Дергачевский | C24: Опубликован и содержит информацию по трем и более ключевым элементам | E24: =IF(C24=$C$5,3,(IF(C24=$C$6,2,(IF(C24=$C$7,1,0))))) -> 1 | H24: =E24*(1-F24)*(1-G24) -> 1 | I24: http://dergachi.sarmo.ru/byudzhet-dlya-grazhdan/ | J24: Пункт 3 не соответствует требованиям (структура расходов бюджета района не отражена по подразделам), пункт 1 не соответствует требованиям (содержит ограниченный перечень показателей социально-экономического развития) пункты 4,5 отсутствуют.
A25: 15 | B25: Духовницкий | C25: Опубликован и содержит информацию по трем и более ключевым элементам | E25: =IF(C25=$C$5,3,(IF(C25=$C$6,2,(IF(C25=$C$7,1,0))))) -> 1 | G25: 0.5 | H25: =E25*(1-F25)*(1-G25) -> 0.5 | I25: http://duhovnitskoe.sarmo.ru/byudzhet-dlya-grazhdan/ | J25: Отсутствуют п.5, п. 2 не содержит информацию по доходам в динамике, пункт 4 не соответствует требованиям (отсутствуют целевые показатели). Дата создания файла 11.01.2019, тогда как требованиями приказа бюджет для граждан по проекту бюджета размещается на портале не позднее даты внесения проекта решения на рассмортение в представительный орган.
A26: 16 | B26: Екатериновский | C26: Опубликован и содержит информацию по пяти и более ключевым элементам | E26: =IF(C26=$C$5,3,(IF(C26=$C$6,2,(IF(C26=$C$7,1,0))))) -> 2 | H26: =E26*(1-F26)*(1-G26) -> 2 | I26: http://ekaterinovka.sarmo.ru/byudzhet-dlya-grazhdan/ | J26: отсутствует пункт 5, п 4 не соответствует требованиям (отсутствуют целевые показатели)
A27: 17 | B27: Ершовский | C27: Опубликован и содержит информацию по пяти и более ключевым элементам | E27: =IF(C27=$C$5,3,(IF(C27=$C$6,2,(IF(C27=$C$7,1,0))))) -> 2 | G27: 0.5 | H27: =E27*(1-F27)*(1-G27) -> 1 | I27: http://ershov.sarmo.ru/byudzhet-i-finansy/byudzhet-dlya-grazhdan/prezentaziya_byudjzet_na_2018_god.pptx | J27: п. 3 не соответствует требованиям (отсутсвует информация по расходам в разрезе подразделов), п 6 не соответствует (отсутствует информация о фактическом и планируемом размере муниципального долга). Файл изменен 23.11.2018
A28: 18 | B28: Ивантеевский | C28: Опубликован и содержит информацию по всем ключевым элементам | E28: =IF(C28=$C$5,3,(IF(C28=$C$6,2,(IF(C28=$C$7,1,0))))) -> 3 | H28: =E28*(1-F28)*(1-G28) -> 3 | I28: http://ivanteevka.sarmo.ru/byudzhet-dlya-grazhdan/byudzhet-dlya-grazhdan/2019/
A29: 19 | B29: Калининский | C29: Опубликован и содержит информацию по пяти и более ключевым элементам | E29: =IF(C29=$C$5,3,(IF(C29=$C$6,2,(IF(C29=$C$7,1,0))))) -> 2 | G29: 0.5 | H29: =E29*(1-F29)*(1-G29) -> 1 | I29: http://kalininsk.sarmo.ru/byudzhet/byudzhet-dlya-grazhdan/ | J29: Отсутствуют целевые показатели по муниципальным программам. Изменен 10.12.2018
A30: 20 | B30: Красноармейский | C30: Опубликован и содержит информацию по пяти и более ключевым элементам | E30: =IF(C30=$C$5,3,(IF(C30=$C$6,2,(IF(C30=$C$7,1,0))))) -> 2 | G30: 0.5 | H30: =E30*(1-F30)*(1-G30) -> 1 | I30: http://krasnoarmeysk.sarmo.ru/krasnoarmeyskiy-rayon/byudzhet/byudzhet-dlya-grazhdan/ | J30: Пункт 4 не соотвествует (нет данных по целевым показателям) Изменен 21.11.2018
A31: 21 | B31: Краснокутский | C31: Опубликован и содержит информацию по трем и более ключевым элементам | E31: =IF(C31=$C$5,3,(IF(C31=$C$6,2,(IF(C31=$C$7,1,0))))) -> 1 | G31: 0.5 | H31: =E31*(1-F31)*(1-G31) -> 0.5 | I31: http://krasny-kut.ru/krasnokutskij_rajon/finansy/ | J31: Отсутствует пункт 5, пункт 1 не соответствует (отсутствуют показатели, характеризующие состав населения), пункт 4 не соотвествует требованиям (отсутствуют целевые показатели) Файл изменен 27.11.2018 г
A32: 22 | B32: Краснопартизанский | C32: Опубликован и содержит информацию по всем ключевым элементам | E32: =IF(C32=$C$5,3,(IF(C32=$C$6,2,(IF(C32=$C$7,1,0))))) -> 3 | G32: 0.5 | H32: =E32*(1-F32)*(1-G32) -> 1.5 | I32: http://adminkmr.ru/index.php?option=com_content&view=article&id=1105:2014-05-20-10-48-44&catid=34:%D0%9E%D1%81%D0%BD%D0%BE%D0%B2%D0%BD%D0%B0%D1%8F%20%D0%BA%D0%B0%D1%82%D0%B5%D0%B3%D0%BE%D1%80%D0%B8%D1%8F | J32: Файл изменен 23.11.2018
A33: 23 | B33: Лысогорский | C33: Не опубликован или содержит информацию менее чем по трем ключевым элементам | E33: =IF(C33=$C$5,3,(IF(C33=$C$6,2,(IF(C33=$C$7,1,0))))) -> 0 | H33: =E33*(1-F33)*(1-G33) -> 0 | I33: http://adm.lysyegory.ru/base/5167-yudzhet-dlja-grazhdan-proekt-byudzheta-lysogorskogo-municipalnogo-raiona-na-2019-god-i-na-plano.html | J33: Бюджет для краждан размещенный по указанной ссылке разработан на основе решения о бюджете, тогда как требованиями данного пункта предусмотрено создание бюджета для граждан на основе проекта решения о бюджете и размещение его не позднее даты внесения проекта к рассмотрению представительным органом МО.
A34: 24 | B34: Марксовский | C34: Опубликован и содержит информацию по трем и более ключевым элементам | E34: =IF(C34=$C$5,3,(IF(C34=$C$6,2,(IF(C34=$C$7,1,0))))) -> 1 | G34: 0.5 | H34: =E34*(1-F34)*(1-G34) -> 0.5 | I34: http://marksadm.ru/bdg-kf.html | J34: Файл создан и изменен 27.12.2018 г. Отсутствуют пункты 1, 5. пункт 3 не соответствует (расходы не представлены по подразделам), пункт 4 не содержит информацию по целевым показателям.
A35: 25 | B35: Новобурасский | C35: Опубликован и содержит информацию по всем ключевым элементам | E35: =IF(C35=$C$5,3,(IF(C35=$C$6,2,(IF(C35=$C$7,1,0))))) -> 3 | G35: 0.5 | H35: =E35*(1-F35)*(1-G35) -> 1.5 | I35: http://www.nbfin.ru/byudzhet_dlya_grazhdan1/novoburasskij_municipal_nyj_rajon/2019_god/ | J35: Проект принят к рассмотрению 15.11.2018 г, файл изменен 19.11.2018
A36: 26 | B36: Новоузенский | C36: Не опубликован или содержит информацию менее чем по трем ключевым элементам | E36: =IF(C36=$C$5,3,(IF(C36=$C$6,2,(IF(C36=$C$7,1,0))))) -> 0 | H36: =E36*(1-F36)*(1-G36) -> 0 | I36: http://www.novouzensk.ru/budget%20for%20people/ | J36: Брошюра подготовлена не по проекту решения о бюджете на очередной финансовый год, а по принятому решению (будет оцениваться в I этапе п. 1.2.)
A37: 27 | B37: Озинский | C37: Опубликован и содержит информацию по пяти и более ключевым элементам | E37: =IF(C37=$C$5,3,(IF(C37=$C$6,2,(IF(C37=$C$7,1,0))))) -> 2 | H37: =E37*(1-F37)*(1-G37) -> 2 | I37: http://ozinki.sarmo.ru/byudzhet/%D0%91%D1%8E%D0%B4%D0%B6%D0%B5%D1%82%20%D0%B4%D0%BB%D1%8F%20%D0%B3%D1%80%D0%B0%D0%B6%D0%B4%D0%B0%D0%BD%20%D0%BA%20%D0%B1%D1%8E%D0%B4%D0%B6%D0%B5%D1%82%D1%83%202019-2021%20%D0%B8%D1%81%D0%BF%D1%80%D0%B0%D0%B2%D0%BB%D0%B5%D0%BD%D0%BD%D1%8B%D0%B9.doc | J37: Отсутствует пункт 5, пункт 4 не соотвествует требованиям (отсутствуют целевые показатели).
A38: 28 | B38: Перелюбский | C38: Опубликован и содержит информацию по всем ключевым элементам | E38: =IF(C38=$C$5,3,(IF(C38=$C$6,2,(IF(C38=$C$7,1,0))))) -> 3 | H38: =E38*(1-F38)*(1-G38) -> 3 | I38: http://adm-perelyb.ru/byudzhet-dlya-grazhdan/
A39: 29 | B39: Петровский | C39: Опубликован и содержит информацию по всем ключевым элементам | E39: =IF(C39=$C$5,3,(IF(C39=$C$6,2,(IF(C39=$C$7,1,0))))) -> 3 | H39: =E39*(1-F39)*(1-G39) -> 3 | I39: http://petrovsk64.ru/sub-org/fin-upr/otkrytyy-byudzhet/byudzhet-dlya-grazhdan/
A40: 30 | B40: Питерский | C40: Опубликован и содержит информацию по пяти и более ключевым элементам | E40: =IF(C40=$C$5,3,(IF(C40=$C$6,2,(IF(C40=$C$7,1,0))))) -> 2 | H40: =E40*(1-F40)*(1-G40) -> 2 | I40: http://piterka.sarmo.ru/byudzhet-piterskogo-mr/byudzhet-dlya-grazhdan/byudzhet-dlya-grazhdan.php | J40: Отсутствует пункт 5, пункт 4 не соответствует требованиям (отсуствуют целевые показатели).
A41: 31 | B41: Пугачевский | C41: Опубликован и содержит информацию по пяти и более ключевым элементам | E41: =IF(C41=$C$5,3,(IF(C41=$C$6,2,(IF(C41=$C$7,1,0))))) -> 2 | H41: =E41*(1-F41)*(1-G41) -> 2 | I41: http://pugachev-adm.ru/wp-content/uploads/2018/10/Byudzhet-dlya-GRAZHDAN-k-proektu-byudzheta-na-2019-god.docx | J41: Пункт 5 отсутствует, пункт 4 не соотвествует требованиям (отсутствуют целевые показатели).
A42: 32 | B42: Ровенский | C42: Опубликован и содержит информацию по пяти и более ключевым элементам | E42: =IF(C42=$C$5,3,(IF(C42=$C$6,2,(IF(C42=$C$7,1,0))))) -> 2 | H42: =E42*(1-F42)*(1-G42) -> 2 | I42: http://rovnoe.sarmo.ru/byudzhet/byudzhet-dlyagrazhdan/ | J42: Пункт 4 не содержит данные по целевым показателям
A43: 33 | B43: Романовский | C43: Опубликован и содержит информацию по пяти и более ключевым элементам | E43: =IF(C43=$C$5,3,(IF(C43=$C$6,2,(IF(C43=$C$7,1,0))))) -> 2 | H43: =E43*(1-F43)*(1-G43) -> 2 | I43: http://romanovka.sarmo.ru/byudzhet-dlya-grazhdan/byudzhet-romanovskogo-munitsipalnogo-rayona/byudzhet-dlya-grazhdan.php | J43: Пункт 1 не соответствует (отсутствуют показатели, характеризующие численность и состав населения), пункт 5 отсутствует
A44: 34 | B44: Ртищевский | C44: Не опубликован или содержит информацию менее чем по трем ключевым элементам | E44: =IF(C44=$C$5,3,(IF(C44=$C$6,2,(IF(C44=$C$7,1,0))))) -> 0 | H44: =E44*(1-F44)*(1-G44) -> 0 | I44: http://rtishevo.sarmo.ru/finansovyy-organ/rtishchevskiy-munitsipalnyy-rayon/2019-god/byudzhet-dlya-grazhdan/ | J44: По предоставленной ссылке отсутствует брошюра, подготовленная по проекту решения о бюджете на очередной финансовый год.
A45: 35 | B45: Самойловский | C45: Опубликован и содержит информацию по пяти и более ключевым элементам | E45: =IF(C45=$C$5,3,(IF(C45=$C$6,2,(IF(C45=$C$7,1,0))))) -> 2 | G45: 0.5 | H45: =E45*(1-F45)*(1-G45) -> 1 | I45: http://sam64.ru/ekonomika-i-byudzhet/byudzhet/byudzhet-dlya-grazhdan/ | J45: Отсутствует пункт 5 . Применен понижающий коэффициент т.к. дата последнего изменения в брошюре - 15.12.2018, бюджет принят решением от 06.12.2018 №199. Требованиями данного пункта предусмотрено публикование бюджета для граждан по проекту решения о бюджете не позднее даты внесения проекта на рассмотрение в представительный орган.
A46: 36 | B46: Саратовский | C46: Опубликован и содержит информацию по пяти и более ключевым элементам | E46: =IF(C46=$C$5,3,(IF(C46=$C$6,2,(IF(C46=$C$7,1,0))))) -> 2 | H46: =E46*(1-F46)*(1-G46) -> 2 | I46: http://saratov.sarmo.ru/index.php?option=com_content&view=article&id=7575&Itemid=693 | J46: Отсутствует пункт 5.
A47: 37 | B47: Советский | C47: Опубликован и содержит информацию по всем ключевым элементам | E47: =IF(C47=$C$5,3,(IF(C47=$C$6,2,(IF(C47=$C$7,1,0))))) -> 3 | H47: =E47*(1-F47)*(1-G47) -> 3 | I47: http://stepnoeadm.ru/%D0%B1%D1%8E%D0%B4%D0%B6%D0%B5%D1%82/%D0%B1%D1%8E%D0%B4%D0%B6%D0%B5%D1%82-%D0%B4%D0%BB%D1%8F-%D0%B3%D1%80%D0%B0%D0%B6%D0%B4%D0%B0%D0%BD/
A48: 38 | B48: Татищевский | C48: Опубликован и содержит информацию по всем ключевым элементам | E48: =IF(C48=$C$5,3,(IF(C48=$C$6,2,(IF(C48=$C$7,1,0))))) -> 3 | H48: =E48*(1-F48)*(1-G48) -> 3 | I48: http://tatishevo.saratov.gov.ru/index.php?option=com_content&view=article&id=Itemid=1827
A49: 39 | B49: Турковский | C49: Опубликован и содержит информацию по пяти и более ключевым элементам | E49: =IF(C49=$C$5,3,(IF(C49=$C$6,2,(IF(C49=$C$7,1,0))))) -> 2 | G49: 0.5 | H49: =E49*(1-F49)*(1-G49) -> 1 | I49: http://turki.sarmo.ru/otkrytyy-byudzhet/byudzhet-dlya-grazhdan/ | J49: Пункт 5 отсутствует, пункт 3 не соответствует (не представлены сведения о расходах в разрезе подразделов). Файл изменен 28.12.2018
A50: 40 | B50: Федоровский | C50: Опубликован и содержит информацию по всем ключевым элементам | E50: =IF(C50=$C$5,3,(IF(C50=$C$6,2,(IF(C50=$C$7,1,0))))) -> 3 | H50: =E50*(1-F50)*(1-G50) -> 3 | I50: http://fedormr.ru/byudzhet/byudzhet-2019.php
A51: 41 | B51: Хвалынский | C51: Опубликован и содержит информацию по трем и более ключевым элементам | E51: =IF(C51=$C$5,3,(IF(C51=$C$6,2,(IF(C51=$C$7,1,0))))) -> 1 | H51: =E51*(1-F51)*(1-G51) -> 1 | I51: http://hvalynsk.sarmo.ru/administratsiya-khvalynskogo-munitsipalnogo-rayona/byudzhet/byudzhet-dlya-grazhdan.php | J51: Пункт 5 отсутствует, пункт 3 не соответствует (не содержит сведения в разрезе подразделов), пункт 4 не содержит информацию о финансировании муниципальных программ
A52: 42 | B52: Энгельсский | C52: Опубликован и содержит информацию по трем и более ключевым элементам | E52: =IF(C52=$C$5,3,(IF(C52=$C$6,2,(IF(C52=$C$7,1,0))))) -> 1 | G52: 0.5 | H52: =E52*(1-F52)*(1-G52) -> 0.5 | I52: www.engels-city.ru/byudzhet-dlya-grazhdan | J52: Файл изменен 29.12.2018 г, в связи с чем применен коэффициент. Отсутствует пункт 5, пункт 4 не соответствует требованиям (отсутствуют целевые показатели по муниципальным программам), пункт 3 не соответствует требованиям (не содержит сведения по расходам в разрезе подразделов)

Sheet Показатель 9.1
A1: 9.1. Информационное сообщение для граждан о проведении публичных слушаний по проекту решения о бюджете муниципального образования на очередной финансовый год (очередной финансовый год и плановый период) на портале (сайте)
A2: Комментарий:
A3: ='Методика IV этап'!B19 -> В составе информационных сообщений о проведении публичных слушаний в обязательном порядке должны быть указаны дата, время, место и порядок их проведения и определения результата. Если указанные сведения представлены частично, оценка показателя принимает значение 0 баллов. В случае, если в установленный срок в информационном сообщении ссылка (адрес) на раздел (страницу) портала (сайта), где опубликованы указанные материалы, отсутствует, а также если по указанной ссылке (адресу) проект решения о бюджете муниципального образования на очередной финансовый год (очередной финансовый год и плановый период) не опубликован, оценка показателя принимает значение 0 баллов. Информационное сообщение о проведении публичных слушаний по проекту решения о бюджете должно быть опубликовано не позднее, чем за пять рабочих дней до дня проведения публичных слушаний и сохраняться до принятия решения об исполнении бюджета. При нарушении указанного срока применяется понижающий коэффициент за несоблюдение сроков обеспечения доступа к бюджетным данным. В случае, если информационное сообщение о проведении публичных слушаний опубликовано в день их проведения или позднее, оценка показателя принимает значение 0 баллов.
A4: № п/п | B4: Вопрос | C4: ='Методика IV этап'!B18 -> Опубликование информационного сообщения для граждан о проведении публичных слушаний по проекту решения о бюджете муниципального образования на очередной финансовый год (очередной финансовый год и плановый период) на портале (сайте) | D4: Доступность (указать, если возникли трудности с поиском документа, если переход осуществляется более, чем за 5 «кликов» с основной страницы портала (сайта), если название раздела не соответствует содержанию) | E4: Оценка показателя 9.1 | I4: Ссылка на источник данных | J4: Комментарии
B5: Варианты ответов | C5: ='Методика IV этап'!B20 -> Опубликовано и содержит информацию о том, где можно ознакомиться с проектом решения о бюджете муниципального образования на очередной финансовый год (очередной финансовый год и плановый период) | E5: баллы | F5: понижающие коэффициенты | H5: Итого
C6: ='Методика IV этап'!B21 -> Не опубликовано, или публичные слушания не проводились, или не отвечает требованиям | F6: затруднен-ный поиск | G6: несоблюде-ние сроков
B7: Городскте округа
A8: 1 | B8: г. Саратов | C8: Опубликовано и содержит информацию о том, где можно ознакомиться с проектом решения о бюджете муниципального образования на очередной финансовый год (очередной финансовый год и плановый период) | E8: =IF(C8=$C$5,1,0) -> 1 | H8: =E8*(1-F8)*(1-G8) -> 1 | I8: http://saratovmer.ru/news/2018/10/24/56399.html
A9: 2 | B9: ЗАТО Михайловское | C9: Не опубликовано, или публичные слушания не проводились, или не отвечает требованиям | D9: Раздел «Публичные слушания» | E9: =IF(C9=$C$5,1,0) -> 0 | H9: =E9*(1-F9)*(1-G9) -> 0 | I9: http://mihailovski.ru/administratsiya/finansy/publichnye-slushaniya/obyavlenie3492/ | J9: Информационное сообщение не содержит ссылку на страницу, где можно ознакомиться с проектом решения. Для увеличения вероятности просмотра информационного сообщения для граждан о проведении публичных слушаний по проекту решения о бюджете на 2019 год на портале (сайте) предпочтительным для публикации считается раздел «Новости муниципального района» (обязательно со ссылкой на страницу, где можно ознакомиться с проектом решения).
A10: 3 | B10: ЗАТО Светлый | C10: Опубликовано и содержит информацию о том, где можно ознакомиться с проектом решения о бюджете муниципального образования на очередной финансовый год (очередной финансовый год и плановый период) | E10: =IF(C10=$C$5,1,0) -> 1 | H10: =E10*(1-F10)*(1-G10) -> 1 | I10: http://www.zatosvetly.ru/about/info/news/12130/
A11: 4 | B11: ЗАТО Шиханы | C11: Не опубликовано, или публичные слушания не проводились, или не отвечает требованиям | E11: =IF(C11=$C$5,1,0) -> 0 | H11: =E11*(1-F11)*(1-G11) -> 0 | I11: http://zatoshihany.ru/about/info/projects/2756/ | J11: Информационное сообщение не содержит ссылку на страницу, где можно ознакомиться с проектом решения о бюджете на очередной финансовый год.
B12: Муниципальные районы
A13: 5 | B13: Александрово-Гайский | C13: Не опубликовано, или публичные слушания не проводились, или не отвечает требованиям | E13: =IF(C13=$C$5,1,0) -> 0 | H13: =E13*(1-F13)*(1-G13) -> 0 | I13: http://algay.sarmo.ru/byudzhet-ekonomika-finansy/publichnye-slushaniya-2018.php | J13: Ссылка предоставлена на раздел «Публичные слушания», где публикуются постановления о проведении публичных слушаний, заключения и протоколы. Требованиями данного пункта предусмотрено размещение объявления о предстоящих публичных слушаниях для привлечения всех заинтересованных лиц. Для увеличения вероятности просмотра информационного сообщения для граждан о проведении публичных слушаний по проекту решения о бюджете на 2019год на портале (сайте) предпочтительным для публикации считается раздел «Новости муниципального района» (обязательно со ссылкой на страницу, где можно ознакомиться с проектом решения).
A14: 6 | B14: Аркадакский | C14: Не опубликовано, или публичные слушания не проводились, или не отвечает требованиям | E14: =IF(C14=$C$5,1,0) -> 0 | H14: =E14*(1-F14)*(1-G14) -> 0 | I14: http://arkadak.sarmo.ru/byudzhet-munitsipalnogo-rayona/index.php | J14: п 9.1 предусматривает размещение на портале информационного сообщения для жителей района о предстоящих публичных слушаниях по проекту бюджета с обязательным указанием ссылки по которой все заинтересованные лица могут ознакомиться с проектом
A15: 7 | B15: Аткарский | C15: Опубликовано и содержит информацию о том, где можно ознакомиться с проектом решения о бюджете муниципального образования на очередной финансовый год (очередной финансовый год и плановый период) | E15: =IF(C15=$C$5,1,0) -> 1 | H15: =E15*(1-F15)*(1-G15) -> 1 | I15: http://proatkarsk.ru/CityArticles.aspx?articleid=8163
A16: 8 | B16: Базарно-Карабулакский | C16: Опубликовано и содержит информацию о том, где можно ознакомиться с проектом решения о бюджете муниципального образования на очередной финансовый год (очередной финансовый год и плановый период) | E16: =IF(C16=$C$5,1,0) -> 1 | H16: =E16*(1-F16)*(1-G16) -> 1 | I16: http://bkarabulak.sarmo.ru/index.php?option=com_content&view=category&layout=blog&id=43&Itemid=169&limitstart=36 | J16: Представляйте пожалуйста более точную ссылку. По вашей ссылке осуществляется преход к последним опубликованным новостям.
A17: 9 | B17: Балаковский | C17: Опубликовано и содержит информацию о том, где можно ознакомиться с проектом решения о бюджете муниципального образования на очередной финансовый год (очередной финансовый год и плановый период) | E17: =IF(C17=$C$5,1,0) -> 1 | H17: =E17*(1-F17)*(1-G17) -> 1 | I17: http://www.admbal.ru/content/4-dekabrya-sostoyatsya-publichnye-slushaniya-o-raionnom-byudzhete-balakovskogo-munitsipalnog
A18: 10 | B18: Балашовский | C18: Опубликовано и содержит информацию о том, где можно ознакомиться с проектом решения о бюджете муниципального образования на очередной финансовый год (очередной финансовый год и плановый период) | E18: =IF(C18=$C$5,1,0) -> 1 | H18: =E18*(1-F18)*(1-G18) -> 1 | I18: http://baladmin.ru/news/9021/
A19: 11 | B19: Балтайский | C19: Не опубликовано, или публичные слушания не проводились, или не отвечает требованиям | E19: =IF(C19=$C$5,1,0) -> 0 | H19: =E19*(1-F19)*(1-G19) -> 0 | I19: http://adm-baltay.ru/s-o-o-b-shh-e-n-i-e-3/ | J19: Сообщение опубликовано, но без указания ссылки на проект бюджета, по которой все желающие могут ознакомиться с предметом слушаний.
A20: 12 | B20: Вольский | C20: Не опубликовано, или публичные слушания не проводились, или не отвечает требованиям | E20: =IF(C20=$C$5,1,0) -> 0 | H20: =E20*(1-F20)*(1-G20) -> 0 | I20: Постановление Главы Вольского муниципального района от 15.11.2018 г. № 34 «О подготовке и проведении публичных слушаний по обсуждению проекта решения Вольского муниципального Собрания «О бюджете Вольского муниципального района за 2019 год и на плановый период 2020 и 2021 годов»», | J20: По предоставленной ссылке опубликовано постановление главы района о назначении публичных слушаний по проекту местного бюджета на 2018 год. Для увеличения вероятности просмотра информационного сообщения для граждан о проведении публичных слушаний по проекту решения о бюджете на 2018 год на портале (сайте) предпочтительным для публикации считается раздел «Новости муниципального района» (обязательно со ссылкой на страницу, где можно ознакомиться с проектом решения).
A21: 13 | B21: Воскресенский | C21: Не опубликовано, или публичные слушания не проводились, или не отвечает требованиям | E21: =IF(C21=$C$5,1,0) -> 0 | H21: =E21*(1-F21)*(1-G21) -> 0 | J21: Информационное сообщение опубликовано в газете
A22: 14 | B22: Дергачевский | C22: Опубликовано и содержит информацию о том, где можно ознакомиться с проектом решения о бюджете муниципального образования на очередной финансовый год (очередной финансовый год и плановый период) | E22: =IF(C22=$C$5,1,0) -> 1 | H22: =E22*(1-F22)*(1-G22) -> 1 | I22: http://dergachi.sarmo.ru/novosti/?PAGEN_1=2 | J22: Пожалуйста, копируйте ссылку когда перешли в сообщение (http://dergachi.sarmo.ru/novosti/?ELEMENT_ID=1201). По представленной вами ссылке осуществляется переход к последним опубликованным новостям.
A23: 15 | B23: Духовницкий | C23: Опубликовано и содержит информацию о том, где можно ознакомиться с проектом решения о бюджете муниципального образования на очередной финансовый год (очередной финансовый год и плановый период) | E23: =IF(C23=$C$5,1,0) -> 1 | H23: =E23*(1-F23)*(1-G23) -> 1 | I23: http://duhovnitskoe.sarmo.ru/publichnye-slushaniya/
A24: 16 | B24: Екатериновский | C24: Не опубликовано, или публичные слушания не проводились, или не отвечает требованиям | E24: =IF(C24=$C$5,1,0) -> 0 | H24: =E24*(1-F24)*(1-G24) -> 0 | I24: http://ekaterinovka.sarmo.ru/rayonnoe-sobranie/publichnye-slushaniya.php | J24: По предоставленной ссылке информационное сообщение отсутствует. Необходимо публиковать анонс предстоящих публичных слушаний для привлечения всех заинтересованных лиц.Для увеличения вероятности просмотра информационного сообщения для граждан о проведении публичных слушаний по проекту решения о бюджете на очередной финансовый год на портале (сайте) предпочтительным для публикации считается раздел «Новости муниципального района» (обязательно со ссылкой на страницу, где можно ознакомиться с проектом решения).
A25: 17 | B25: Ершовский | C25: Опубликовано и содержит информацию о том, где можно ознакомиться с проектом решения о бюджете муниципального образования на очередной финансовый год (очередной финансовый год и плановый период) | E25: =IF(C25=$C$5,1,0) -> 1 | H25: =E25*(1-F25)*(1-G25) -> 1 | I25: http://ershov.sarmo.ru/byudzhet-i-finansy/obshchestvennoe-uchastie/ | J25: Для увеличения вероятности просмотра информационного сообщения для граждан о проведении публичных слушаний по проекту решения о бюджете на очередной финансовый год на портале (сайте) предпочтительным для публикации считается раздел «Новости муниципального района» (обязательно со ссылкой на страницу, где можно ознакомиться с проектом решения)
A26: 18 | B26: Ивантеевский | C26: Опубликовано и содержит информацию о том, где можно ознакомиться с проектом решения о бюджете муниципального образования на очередной финансовый год (очередной финансовый год и плановый период) | E26: =IF(C26=$C$5,1,0) -> 1 | H26: =E26*(1-F26)*(1-G26) -> 1 | I26: http://ivanteevka.sarmo.ru/novyy-razdel/?ELEMENT_ID=3681
A27: 19 | B27: Калининский | C27: Не опубликовано, или публичные слушания не проводились, или не отвечает требованиям | E27: =IF(C27=$C$5,1,0) -> 0 | H27: =E27*(1-F27)*(1-G27) -> 0 | I27: http://kalininsk.sarmo.ru/predstavitelnyy-organ-munitsipalnogo-rayona/proekty-informatsiya/ | J27: По представленной ссылке размещены информационные сообщения о прошедших заседаниях комиссий,районного собрания. Требованиями данного пункта предусмотрено размещение на портале иннформационного сообщения не позднее чем за 5 дней до предстоящих публичных слушаний.
A28: 20 | B28: Красноармейский | C28: Не опубликовано, или публичные слушания не проводились, или не отвечает требованиям | E28: =IF(C28=$C$5,1,0) -> 0 | H28: =E28*(1-F28)*(1-G28) -> 0 | I28: https://krasnoarmeysk64.ru/upload/medialibrary/992/99217774d4fc5143d8ff0ae9602c551d.doc | J28: Для увеличения вероятности просмотра информационного сообщения для граждан о проведении публичных слушаний по проекту решения о бюджете на 2019 год на портале (сайте) предпочтительным для публикации считается раздел «Новости муниципального района» (обязательно со ссылкой на страницу, где можно ознакомиться с проектом решения).
A29: 21 | B29: Краснокутский | C29: Опубликовано и содержит информацию о том, где можно ознакомиться с проектом решения о бюджете муниципального образования на очередной финансовый год (очередной финансовый год и плановый период) | D29: Раздел «Финансы» | E29: =IF(C29=$C$5,1,0) -> 1 | H29: =E29*(1-F29)*(1-G29) -> 1 | I29: http://krasny-kut.ru/krasnokutskij_rajon/finansy/novosti/ | J29: Для увеличения вероятности просмотра информационного сообщения для граждан о проведении публичных слушаний по проекту решения о бюджете на 2018 год на портале (сайте) предпочтительным для публикации считается раздел «Новости муниципального района» (обязательно со ссылкой на страницу, где можно ознакомиться с проектом решения).
A30: 22 | B30: Краснопартизанский | C30: Опубликовано и содержит информацию о том, где можно ознакомиться с проектом решения о бюджете муниципального образования на очередной финансовый год (очередной финансовый год и плановый период) | E30: =IF(C30=$C$5,1,0) -> 1 | H30: =E30*(1-F30)*(1-G30) -> 1 | I30: http://adminkmr.ru/index.php?option=com_content&view=article&id=3968:2018-12-03-10-32-05&catid=34:%D0%9E%D1%81%D0%BD%D0%BE%D0%B2%D0%BD%D0%B0%D1%8F%20%D0%BA%D0%B0%D1%82%D0%B5%D0%B3%D0%BE%D1%80%D0%B8%D1%8F
A31: 23 | B31: Лысогорский | C31: Не опубликовано, или публичные слушания не проводились, или не отвечает требованиям | E31: =IF(C31=$C$5,1,0) -> 0 | H31: =E31*(1-F31)*(1-G31) -> 0 | I31: http://adm.lysyegory.ru/base/5105-publichnye-slushanija.html | J31: Информационное сообщение не содержит ссылку на раздел портала, где можно ознакомиться с проектом решения о бюджете на очередной финансовый год.
A32: 24 | B32: Марксовский | C32: Опубликовано и содержит информацию о том, где можно ознакомиться с проектом решения о бюджете муниципального образования на очередной финансовый год (очередной финансовый год и плановый период) | D32: Раздел «Публичные слушания» | E32: =IF(C32=$C$5,1,0) -> 1 | H32: =E32*(1-F32)*(1-G32) -> 1 | I32: http://marksadm.ru/ps-sl.html | J32: По представленной в письме ссылке размещено сообщение об уже свершившихся слушаниях. Требованиями данного пункта предусмотрено публикование информационного сообщения не позднее чем за 5 дней до публичных слушаний для привлечения всех заинтересованных граждан.
A33: 25 | B33: Новобурасский | C33: Опубликовано и содержит информацию о том, где можно ознакомиться с проектом решения о бюджете муниципального образования на очередной финансовый год (очередной финансовый год и плановый период) | E33: =IF(C33=$C$5,1,0) -> 1 | H33: =E33*(1-F33)*(1-G33) -> 1 | I33: http://admnburasy.ru/obyavlenia.htm
A34: 26 | B34: Новоузенский | C34: Опубликовано и содержит информацию о том, где можно ознакомиться с проектом решения о бюджете муниципального образования на очередной финансовый год (очередной финансовый год и плановый период) | E34: =IF(C34=$C$5,1,0) -> 1 | H34: =E34*(1-F34)*(1-G34) -> 1 | I34: http://novouzensk.ru/about/info/news/9340/
A35: 27 | B35: Озинский | C35: Не опубликовано, или публичные слушания не проводились, или не отвечает требованиям | E35: =IF(C35=$C$5,1,0) -> 0 | H35: =E35*(1-F35)*(1-G35) -> 0 | I35: http://ozinki.sarmo.ru/byudzhet/%D0%98%D0%BD%D1%84%D0%BE%D1%80%D0%BC%D0%B0%D1%86%D0%B8%D0%BE%D0%BD%D0%BD%D0%BE%D0%B5%20%D1%81%D0%BE%D0%BE%D0%B1%D1%89%D0%B5%D0%BD%D0%B8%D0%B5%20%D0%BE%20%D0%BF%D1%80%D0%BE%D0%B2%D0%B5%D0%B4%D0%B5%D0%BD%D0%B8%D0%B8%20%D0%BF%D1%83%D0%B1%D0%BB%D0%B8%D1%87%D0%BD%D1%8B%D1%85%20%D1%81%D0%BB%D1%83%D1%88%D0%B0%D0%BD%D0%B8%D0%B9%202019.doc | J35: Ссылка дана на документ Word, не содержащий ссылку на проект решения о бюджете. Для увеличения вероятности просмотра информационного сообщения для граждан о проведении публичных слушаний по проекту решения о бюджете на 2019 год на портале (сайте) предпочтительным для публикации считается раздел «Новости муниципального района» (обязательно со ссылкой на проект решения о бюджете на очередной финансовый год).
A36: 28 | B36: Перелюбский | C36: Не опубликовано, или публичные слушания не проводились, или не отвечает требованиям | E36: =IF(C36=$C$5,1,0) -> 0 | H36: =E36*(1-F36)*(1-G36) -> 0 | I36: http://adm-perelyb.ru/byudzhet-rayona/ | J36: Информационное сообщение по указанной ссылке не найдено
A37: 29 | B37: Петровский | C37: Опубликовано и содержит информацию о том, где можно ознакомиться с проектом решения о бюджете муниципального образования на очередной финансовый год (очередной финансовый год и плановый период) | D37: Раздел «Бюджет для граждан» | E37: =IF(C37=$C$5,1,0) -> 1 | H37: =E37*(1-F37)*(1-G37) -> 1 | I37: http://petrovsk64.ru/sub-org/fin-upr/otkrytyy-byudzhet/byudzhet-dlya-grazhdan/ | J37: Для увеличения вероятности просмотра информационного сообщения для граждан о проведении публичных слушаний по проекту решения о бюджете на 2019 год на портале (сайте) предпочтительным для публикации считается раздел «Новости муниципального района» (обязательно со ссылкой на страницу, где можно ознакомиться с проектом решения).
A38: 30 | B38: Питерский | C38: Опубликовано и содержит информацию о том, где можно ознакомиться с проектом решения о бюджете муниципального образования на очередной финансовый год (очередной финансовый год и плановый период) | E38: =IF(C38=$C$5,1,0) -> 1 | H38: =E38*(1-F38)*(1-G38) -> 1 | I38: http://piterka.sarmo.ru/novosti/glavnay.php
A39: 31 | B39: Пугачевский | C39: Опубликовано и содержит информацию о том, где можно ознакомиться с проектом решения о бюджете муниципального образования на очередной финансовый год (очередной финансовый год и плановый период) | E39: =IF(C39=$C$5,1,0) -> 1 | H39: =E39*(1-F39)*(1-G39) -> 1 | I39: http://pugachev-adm.ru/naznachenyi-publichnyie-slushaniya-16.html
A40: 32 | B40: Ровенский | C40: Опубликовано и содержит информацию о том, где можно ознакомиться с проектом решения о бюджете муниципального образования на очередной финансовый год (очередной финансовый год и плановый период) | E40: =IF(C40=$C$5,1,0) -> 1 | H40: =E40*(1-F40)*(1-G40) -> 1 | I40: http://rovnoe.sarmo.ru/novosti/ | J40: Указывайте ссылку поточнее (http://rovnoe.sarmo.ru/novosti/2075/)
A41: 33 | B41: Романовский | C41: Опубликовано и содержит информацию о том, где можно ознакомиться с проектом решения о бюджете муниципального образования на очередной финансовый год (очередной финансовый год и плановый период) | E41: =IF(C41=$C$5,1,0) -> 1 | H41: =E41*(1-F41)*(1-G41) -> 1 | I41: http://romanovka.sarmo.ru/novosti-v-rayone/?ELEMENT_ID=890
A42: 34 | B42: Ртищевский | C42: Не опубликовано, или публичные слушания не проводились, или не отвечает требованиям | E42: =IF(C42=$C$5,1,0) -> 0 | H42: =E42*(1-F42)*(1-G42) -> 0 | I42: http://rtishevo.sarmo.ru/finansovyy-organ/novosti/ | J42: Информационное сообщение не содержит ссылку на страницу портала, где все зантересованные лица могли бы ознакомиться с проектом решения о бюджете на очередной финансовый год. Для увеличения вероятности просмотра информационного сообщения для граждан о проведении публичных слушаний по проекту решения о бюджете на 2019 год на портале (сайте) предпочтительным для публикации считается раздел «Новости муниципального района»
A43: 35 | B43: Самойловский | C43: Не опубликовано, или публичные слушания не проводились, или не отвечает требованиям | E43: =IF(C43=$C$5,1,0) -> 0 | H43: =E43*(1-F43)*(1-G43) -> 0 | I43: http://sam64.ru/ekonomika-i-byudzhet/byudzhet/proekt-byudzheta/ | J43: По предоставленной ссылке размещено постановление о вынесении на публичные слушания проекта решения о бюджете. Для увеличения вероятности просмотра информационного сообщения для граждан о проведении публичных слушаний по проекту решения о бюджете на 2019 год на портале (сайте) предпочтительным для публикации считается раздел «Новости муниципального района» (обязательно со ссылкой на страницу, где можно ознакомиться с проектом решения).
A44: 36 | B44: Саратовский | C44: Опубликовано и содержит информацию о том, где можно ознакомиться с проектом решения о бюджете муниципального образования на очередной финансовый год (очередной финансовый год и плановый период) | D44: Раздел "Публичные слушания" | E44: =IF(C44=$C$5,1,0) -> 1 | H44: =E44*(1-F44)*(1-G44) -> 1 | I44: http://saratov.sarmo.ru/index.php?option=com_content&view=article&id=5100&Itemid=530 | J44: Для увеличения вероятности просмотра информационного сообщения для граждан о проведении публичных слушаний по проекту решения о бюджете на 2019 год на портале (сайте) предпочтительным для публикации считается раздел «Новости муниципального района» (обязательно со ссылкой на страницу, где можно ознакомиться с проектом решения).
A45: 37 | B45: Советский | C45: Опубликовано и содержит информацию о том, где можно ознакомиться с проектом решения о бюджете муниципального образования на очередной финансовый год (очередной финансовый год и плановый период) | D45: Раздел «Местный бюджет» | E45: =IF(C45=$C$5,1,0) -> 1 | H45: =E45*(1-F45)*(1-G45) -> 1 | I45: http://stepnoeadm.ru/%D0%B1%D1%8E%D0%B4%D0%B6%D0%B5%D1%82/%D0%BC%D0%B5%D1%81%D1%82%D0%BD%D1%8B%D0%B9-%D0%B1%D1%8E%D0%B4%D0%B6%D0%B5%D1%82/ | J45: Для увеличения вероятности просмотра информационного сообщения для граждан о проведении публичных слушаний по проекту решения о бюджете на 2019 год на портале (сайте) предпочтительным для публикации считается раздел «Новости муниципального района» (обязательно со ссылкой на страницу, где можно ознакомиться с проектом решения).
A46: 38 | B46: Татищевский | C46: Опубликовано и содержит информацию о том, где можно ознакомиться с проектом решения о бюджете муниципального образования на очередной финансовый год (очередной финансовый год и плановый период) | D46: Раздел «Решения о муниципальном бюджете» | E46: =IF(C46=$C$5,1,0) -> 1 | H46: =E46*(1-F46)*(1-G46) -> 1 | I46: http://tatishevo.saratov.gov.ru/index.php?option=com_content&view=article&id=2666:2016-02-02-08-52-24&catid=64:2009-12-20-17-44-19&Itemid=91 | J46: Для увеличения вероятности просмотра информационного сообщения для граждан о проведении публичных слушаний по проекту решения о бюджете на 2019 год на портале (сайте) предпочтительным для публикации считается раздел «Новости муниципального района» (обязательно со ссылкой на страницу, где можно ознакомиться с проектом решения).
A47: 39 | B47: Турковский | C47: Не опубликовано, или публичные слушания не проводились, или не отвечает требованиям | D47: Раздел «Публичные слушания» | E47: =IF(C47=$C$5,1,0) -> 0 | H47: =E47*(1-F47)*(1-G47) -> 0 | I47: http://turki.sarmo.ru/sobranie-deputatov-turkovskogo-munitsipalnogo-rayona/dokumenty/publichnye-slushaniya/ | J47: Для увеличения вероятности просмотра информационного сообщения для граждан о проведении публичных слушаний по проекту решения о бюджете на 2019 год на портале (сайте) предпочтительным для публикации считается раздел «Новости муниципального района» (обязательно со ссылкой на страницу, где можно ознакомиться с проектом решения).
A48: 40 | B48: Федоровский | C48: Не опубликовано, или публичные слушания не проводились, или не отвечает требованиям | E48: =IF(C48=$C$5,1,0) -> 0 | H48: =E48*(1-F48)*(1-G48) -> 0 | I48: http://fedormr.ru/117/ | J48: Информационное сообщение опубликовано в разделе "Новости", однако не содержит ссылку на проект решения о бюджете на соответствующий год.
A49: 41 | B49: Хвалынский | C49: Не опубликовано, или публичные слушания не проводились, или не отвечает требованиям | D49: Раздел "Бюджет для граждан" | E49: =IF(C49=$C$5,1,0) -> 0 | H49: =E49*(1-F49)*(1-G49) -> 0 | I49: www.engels-city.ru/publichnye-slushaniya/52253-sostoyatsya-publichnye-slushaniya-po-proektu-byudzheta-engelsskogo-munitsipalnogo-rajona-na-2019-god-i-planovyj-period-2020-i-2021-godov | J49: Информационное сообщение опубликовано, но не содержит ссылку на проект решения о бюджете на очередной финансовый. Для увеличения вероятности просмотра информационного сообщения для граждан о проведении публичных слушаний по проекту решения о бюджете на 2019 год на портале (сайте) предпочтительным для публикации считается раздел «Новости муниципального района»
A50: 42 | B50: Энгельсский | C50: Опубликовано и содержит информацию о том, где можно ознакомиться с проектом решения о бюджете муниципального образования на очередной финансовый год (очередной финансовый год и плановый период) | E50: =IF(C50=$C$5,1,0) -> 1 | H50: =E50*(1-F50)*(1-G50) -> 1 | I50: http://www.engels-city.ru/news-line/43914-10-noyabrya-sostoyatsya-publichnye-slushaniya-po-proektu-byudzheta-engelsskogo-munitsipalnogo-rajona-na-2018-god-i-planovyj-period-2019-2020-godov | J50: Указана неверная дата публичных слушаний 30.11.2017 г

Sheet Показатель 9.2
A1: 9.2. Проведение публичных слушаний по проекту решения о бюджете муниципального образования на очередной финансовый год (очередной финансовый год и плановый период)
A2: Комментарий:
A3: ='Методика IV этап'!B23 -> В целях оценки показателя учитывается официальный документ (решение/протокол), принятый по итогам публичных слушаний или общественного обсуждения и подписанный уполномоченным должностным лицом. Указанный документ должен быть опубликован не позднее 10 рабочих дней после проведения публичных слушаний и сохраняться не менее трех лет. При нарушении указанного срока применяется понижающий коэффициент за несоблюдение сроков обеспечения доступа к бюджетным данным. В случае, если в установленный срок документ не размещен, оценка показателя принимает значение 0 баллов.
A4: № п/п | B4: Вопрос | C4: ='Методика IV этап'!B22 -> Проведение публичных слушаний по проекту решения о бюджете муниципального образования на очередной финансовый год (очередной финансовый год и плановый период) и опубликование в составе материалов к проекту решения о бюджете муниципального образования на очередной финансовый год (очередной финансовый год и плановый период) итогового документа (решения/ протокола), принятого по результатам публичных слушаний, на портале (сайте) | D4: Формат (указать формат документа) | E4: Доступность (указать, если возникли трудности с поиском документа, если переход осуществляется более, чем за 5 «кликов» с основной страницы портала (сайта), если название раздела не соответствует содержанию) | F4: Оценка показателя 9.2 | K4: Ссылка на источник данных | L4: Комментарии
B5: Варианты ответов | C5: ='Методика IV этап'!B24 -> Проводились, и в составе материалов к проекту решения об исполнении бюджета муниципального образования за отчетный финансовый год опубликован итоговый документ (решение/протокол), принятый по результатам публичных слушаний | D5: Word, Excel, PDF | F5: баллы | G5: понижающие коэффициенты | J5: Итого
C6: ='Методика IV этап'!B25 -> Публичные слушания не проводились, или не опубликован итоговый документ (решение/протокол), принятый по результатам публичных слушаний | G6: графический формат | H6: затруднен-ный поиск | I6: несоблюде-ние сроков
B7: Городскте округа
A8: 1 | B8: г. Саратов | C8: Проводились, и в составе материалов к проекту решения об исполнении бюджета муниципального образования за отчетный финансовый год опубликован итоговый документ (решение/протокол), принятый по результатам публичных слушаний | D8: PDF | F8: =IF(C8=$C$5,1,0) -> 1 | J8: =F8*(1-G8)*(1-H8)*(1-I8) -> 1 | K8: http://saratovmer.ru/budget/rubrics/4/1287.html
A9: 2 | B9: ЗАТО Михайловское | C9: Проводились, и в составе материалов к проекту решения об исполнении бюджета муниципального образования за отчетный финансовый год опубликован итоговый документ (решение/протокол), принятый по результатам публичных слушаний | D9: PDF | F9: =IF(C9=$C$5,1,0) -> 1 | G9: 0.5 | J9: =F9*(1-G9)*(1-H9)*(1-I9) -> 0.5 | K9: http://mihailovski.ru/administratsiya/finansy/publichnye-slushaniya/protokol-publichnykh-slushaniy-po-proektu-byudzhet3526/ | L9: Понижающий коэффициент применен в связи с необходимостью открывать каждую страницу отдельно многостраничного документа (п. 7 приложения к приказу министерства финансов СО от 30.06.2016 № 202)
A10: 3 | B10: ЗАТО Светлый | C10: Проводились, и в составе материалов к проекту решения об исполнении бюджета муниципального образования за отчетный финансовый год опубликован итоговый документ (решение/протокол), принятый по результатам публичных слушаний | D10: JPG | F10: =IF(C10=$C$5,1,0) -> 1 | J10: =F10*(1-G10)*(1-H10)*(1-I10) -> 1 | K10: http://www.zatosvetly.ru/city/economics_amp_finance/byudzhet-gorodskogo-okruga/byudzhet-gorodskogo-okruga-zato-svetlyy/2019/
A11: 4 | B11: ЗАТО Шиханы | C11: Публичные слушания не проводились, или не опубликован итоговый документ (решение/протокол), принятый по результатам публичных слушаний | D11: Word | F11: =IF(C11=$C$5,1,0) -> 0 | J11: =F11*(1-G11)*(1-H11)*(1-I11) -> 0 | K11: http://zatoshihany.ru/budget/byudzhet-dlya-grazhdan/ | L11: В документе отсутствует подпись должностного лица. Не соблюден формат размещения официального документа.
B12: Муниципальные районы
A13: 5 | B13: Александрово-Гайский | C13: Публичные слушания не проводились, или не опубликован итоговый документ (решение/протокол), принятый по результатам публичных слушаний | D13: Word | F13: =IF(C13=$C$5,1,0) -> 0 | J13: =F13*(1-G13)*(1-H13)*(1-I13) -> 0 | K13: http://algay.sarmo.ru/byudzhet-ekonomika-finansy/byudzhet-2019-goda.php | L13: В документе отсутствует подпись должностного лица. Не соблюден формат размещения официального документа.
A14: 6 | B14: Аркадакский | C14: Публичные слушания не проводились, или не опубликован итоговый документ (решение/протокол), принятый по результатам публичных слушаний | F14: =IF(C14=$C$5,1,0) -> 0 | J14: =F14*(1-G14)*(1-H14)*(1-I14) -> 0 | K14: http://arkadak.sarmo.ru/byudzhet-munitsipalnogo-rayona/reshenie-o-byudzhete/byudzhet2019-proekt.php | L14: Не опубликован итоговый документ (решение/протокол), принятый по результатам публичных слушаний.
A15: 7 | B15: Аткарский | C15: Публичные слушания не проводились, или не опубликован итоговый документ (решение/протокол), принятый по результатам публичных слушаний | D15: Word | F15: =IF(C15=$C$5,1,0) -> 0 | J15: =F15*(1-G15)*(1-H15)*(1-I15) -> 0 | K15: http://proatkarsk.ru/CityArticles.aspx?articleid=8203 | L15: Опубликован не в составе материалов к проекту решения о бюджете муниципального образования на очередной финансовый год
A16: 8 | B16: Базарно-Карабулакский | C16: Проводились, и в составе материалов к проекту решения об исполнении бюджета муниципального образования за отчетный финансовый год опубликован итоговый документ (решение/протокол), принятый по результатам публичных слушаний | D16: PDF | F16: =IF(C16=$C$5,1,0) -> 1 | J16: =F16*(1-G16)*(1-H16)*(1-I16) -> 1 | K16: http://bkarabulak.sarmo.ru/index.php?option=com_content&view=article&id=9272&Itemid=342
A17: 9 | B17: Балаковский | C17: Проводились, и в составе материалов к проекту решения об исполнении бюджета муниципального образования за отчетный финансовый год опубликован итоговый документ (решение/протокол), принятый по результатам публичных слушаний | D17: PDF | F17: =IF(C17=$C$5,1,0) -> 1 | J17: =F17*(1-G17)*(1-H17)*(1-I17) -> 1 | K17: http://balkomfin.ru/
A18: 10 | B18: Балашовский | C18: Проводились, и в составе материалов к проекту решения об исполнении бюджета муниципального образования за отчетный финансовый год опубликован итоговый документ (решение/протокол), принятый по результатам публичных слушаний | D18: PDF | F18: =IF(C18=$C$5,1,0) -> 1 | J18: =F18*(1-G18)*(1-H18)*(1-I18) -> 1 | K18: http://baladmin.ru/byudzhet-na-2019-god-i-planovyy-period-2019-i-2020-godov.php?clear_cache=Y
A19: 11 | B19: Балтайский | C19: Проводились, и в составе материалов к проекту решения об исполнении бюджета муниципального образования за отчетный финансовый год опубликован итоговый документ (решение/протокол), принятый по результатам публичных слушаний | D19: Word | F19: =IF(C19=$C$5,1,0) -> 1 | J19: =F19*(1-G19)*(1-H19)*(1-I19) -> 1 | K19: http://adm-baltay.ru/finansovoe-upravlenie/proekt-mestnogo-byudzheta-baltayskogo-munitsipalnogo-rayona-na-2019-god-i-planovyiy-period-2020-2021-godov/
A20: 12 | B20: Вольский | C20: Публичные слушания не проводились, или не опубликован итоговый документ (решение/протокол), принятый по результатам публичных слушаний | D20: Word | F20: =IF(C20=$C$5,1,0) -> 0 | J20: =F20*(1-G20)*(1-H20)*(1-I20) -> 0 | K20: Заключение о результатах публичных слушаний по обсуждению проекта решения Вольского муниципального Собрания «О бюджете Вольского муниципального района на 2019 год и на плановый период 2020 и 2021 годов» | L20: В заключении отсутствует подпись должностного лица. Не соблюден формат размещения официального документа. Пожалуйста присылайте ссылку на раздел портала где размещен документ, а не сам документ.
A21: 13 | B21: Воскресенский | C21: Проводились, и в составе материалов к проекту решения об исполнении бюджета муниципального образования за отчетный финансовый год опубликован итоговый документ (решение/протокол), принятый по результатам публичных слушаний | D21: PDF | F21: =IF(C21=$C$5,1,0) -> 1 | I21: 0.5 | J21: =F21*(1-G21)*(1-H21)*(1-I21) -> 0.5 | K21: http://voskresensk64.ru/administration/statistics/benefits/budjet-vmr/ | L21: Дата создания файла 27.12.2018 что является нарушением 10 дневного срока со дня проведения слушаний (03.12.2018)
A22: 14 | B22: Дергачевский | C22: Проводились, и в составе материалов к проекту решения об исполнении бюджета муниципального образования за отчетный финансовый год опубликован итоговый документ (решение/протокол), принятый по результатам публичных слушаний | D22: PDF | F22: =IF(C22=$C$5,1,0) -> 1 | J22: =F22*(1-G22)*(1-H22)*(1-I22) -> 1 | K22: http://dergachi.sarmo.ru/sobranie-dergachevskogo-munitsipalnogo-rayona/resheniya-sobraniya-dergachevskogo-munitsipalnogo-rayona/
A23: 15 | B23: Духовницкий | C23: Публичные слушания не проводились, или не опубликован итоговый документ (решение/протокол), принятый по результатам публичных слушаний | D23: Web | F23: =IF(C23=$C$5,1,0) -> 0 | J23: =F23*(1-G23)*(1-H23)*(1-I23) -> 0 | K23: http://duhovnitskoe.sarmo.ru/publichnye-slushaniya/ | L23: Опубликовано, но не соответствует требованиям (отсутствуют подписи)
A24: 16 | B24: Екатериновский | C24: Публичные слушания не проводились, или не опубликован итоговый документ (решение/протокол), принятый по результатам публичных слушаний | D24: Word | F24: =IF(C24=$C$5,1,0) -> 0 | J24: =F24*(1-G24)*(1-H24)*(1-I24) -> 0 | K24: http://ekaterinovka.sarmo.ru/rayonnoe-sobranie/publichnye-slushaniya.php | L24: Документ опубликован, но не соответствует требованиям (отсутствуют подписи)
A25: 17 | B25: Ершовский | C25: Проводились, и в составе материалов к проекту решения об исполнении бюджета муниципального образования за отчетный финансовый год опубликован итоговый документ (решение/протокол), принятый по результатам публичных слушаний | D25: PDF | F25: =IF(C25=$C$5,1,0) -> 1 | J25: =F25*(1-G25)*(1-H25)*(1-I25) -> 1 | K25: http://ershov.sarmo.ru/byudzhet-i-finansy/obshchestvennoe-uchastie/Заключение%20о%20результатах%20публичных%20слушаний.PDF | L25: Пожалуйста, представляйте ссылки на страницу портала, где размещен документ, а не на сам документ
A26: 18 | B26: Ивантеевский | C26: Проводились, и в составе материалов к проекту решения об исполнении бюджета муниципального образования за отчетный финансовый год опубликован итоговый документ (решение/протокол), принятый по результатам публичных слушаний | D26: PDF | F26: =IF(C26=$C$5,1,0) -> 1 | J26: =F26*(1-G26)*(1-H26)*(1-I26) -> 1 | K26: http://ivanteevka.sarmo.ru/upload/medialibrary/4df/4df52e643b334175210709a4007e30de.pdf
A27: 19 | B27: Калининский | C27: Публичные слушания не проводились, или не опубликован итоговый документ (решение/протокол), принятый по результатам публичных слушаний | F27: =IF(C27=$C$5,1,0) -> 0 | J27: =F27*(1-G27)*(1-H27)*(1-I27) -> 0 | K27: http://kalininsk.sarmo.ru/predstavitelnyy-organ-munitsipalnogo-rayona/proekty-informatsiya/ | L27: По предоставленной ссылке официальный документ (решение/протокол), принятый по итогам публичных слушаний, не обнаружен. В целях оценки показателя учитывается официальный документ (решение/протокол), принятый по итогам публичных слушаний или общественного обсуждения и подписанный уполномоченным должностным лицом, опубликованный в составе материалов к проекту решения о бюджете муниципального образования на очередной финансовый год.
A28: 20 | B28: Красноармейский | C28: Публичные слушания не проводились, или не опубликован итоговый документ (решение/протокол), принятый по результатам публичных слушаний | D28: Word | F28: =IF(C28=$C$5,1,0) -> 0 | J28: =F28*(1-G28)*(1-H28)*(1-I28) -> 0 | K28: http://krasnoarmeysk.sarmo.ru/predstavitelnyy-organ/resheniya-sobraniya-deputatov/ | L28: Опубликовано, но не соответствует требованиям (отсутствуют подписи)
A29: 21 | B29: Краснокутский | C29: Публичные слушания не проводились, или не опубликован итоговый документ (решение/протокол), принятый по результатам публичных слушаний | D29: Word | F29: =IF(C29=$C$5,1,0) -> 0 | J29: =F29*(1-G29)*(1-H29)*(1-I29) -> 0 | K29: http://krasny-kut.ru/krasnokutskij_rajon/finansy/ | L29: По представленной ссылке опубликовано заключение не отвечающее требованиям: отсутствует дата, подписи ответственных лиц.
A30: 22 | B30: Краснопартизанский | C30: Проводились, и в составе материалов к проекту решения об исполнении бюджета муниципального образования за отчетный финансовый год опубликован итоговый документ (решение/протокол), принятый по результатам публичных слушаний | D30: PDF | F30: =IF(C30=$C$5,1,0) -> 1 | J30: =F30*(1-G30)*(1-H30)*(1-I30) -> 1 | K30: http://adminkmr.ru/index.php?option=com_content&view=article&id=3969:2018-12-03-10-34-33&catid=34:%D0%9E%D1%81%D0%BD%D0%BE%D0%B2%D0%BD%D0%B0%D1%8F%20%D0%BA%D0%B0%D1%82%D0%B5%D0%B3%D0%BE%D1%80%D0%B8%D1%8F
A31: 23 | B31: Лысогорский | C31: Публичные слушания не проводились, или не опубликован итоговый документ (решение/протокол), принятый по результатам публичных слушаний | D31: Word | F31: =IF(C31=$C$5,1,0) -> 0 | J31: =F31*(1-G31)*(1-H31)*(1-I31) -> 0 | K31: http://adm.lysyegory.ru/base/5139-protokol-publichnyh-slushanii-lysogorskogo-municipalnogo-raiona-ot-13-12-2018-goda-3.html | L31: В документе отсутствует подпись должностного лица. Не соблюден формат размещения официального документа.
A32: 24 | B32: Марксовский | C32: Проводились, и в составе материалов к проекту решения об исполнении бюджета муниципального образования за отчетный финансовый год опубликован итоговый документ (решение/протокол), принятый по результатам публичных слушаний | D32: ВМР | F32: =IF(C32=$C$5,1,0) -> 1 | J32: =F32*(1-G32)*(1-H32)*(1-I32) -> 1 | K32: http://marksadm.ru/ps-sl.html
A33: 25 | B33: Новобурасский | C33: Проводились, и в составе материалов к проекту решения об исполнении бюджета муниципального образования за отчетный финансовый год опубликован итоговый документ (решение/протокол), принятый по результатам публичных слушаний | D33: PDF | F33: =IF(C33=$C$5,1,0) -> 1 | J33: =F33*(1-G33)*(1-H33)*(1-I33) -> 1 | K33: http://www.nbfin.ru/resheniya_o_byudzhetah/novoburasskogo_municipal_nogo_rajona/proekt_resheniya_o_byudzhete/na_2019_god/
A34: 26 | B34: Новоузенский | C34: Публичные слушания не проводились, или не опубликован итоговый документ (решение/протокол), принятый по результатам публичных слушаний | F34: =IF(C34=$C$5,1,0) -> 0 | J34: =F34*(1-G34)*(1-H34)*(1-I34) -> 0 | K34: http://novouzensk.ru/sobranie/sobr/akty/ | L34: Не опубликован итоговый документ (решение/протокол), принятый по результатам публичных слушаний.
A35: 27 | B35: Озинский | C35: Проводились, и в составе материалов к проекту решения об исполнении бюджета муниципального образования за отчетный финансовый год опубликован итоговый документ (решение/протокол), принятый по результатам публичных слушаний | D35: JPG | F35: =IF(C35=$C$5,1,0) -> 1 | J35: =F35*(1-G35)*(1-H35)*(1-I35) -> 1 | K35: http://ozinki.sarmo.ru/byudzhet/%D0%9F%D1%80%D0%BE%D1%82%D0%BE%D0%BA%D0%BE%D0%BB%20%D0%BF%D1%83%D0%B1%D0%BB%D0%B8%D1%87%D0%BD%D1%8B%D1%85%20%D1%81%D0%BB%D1%83%D1%88%D0%B0%D0%BD%D0%B8%D0%B9.rar | L35: Пожалуйста, указывайте ссылки на страницу портала, где размещен требуемый документ (http://ozinki.sarmo.ru/byudzhet/byudzhet-munitsipalnogo-rayona.php?ELEMENT_ID=2921 )
A36: 28 | B36: Перелюбский | C36: Публичные слушания не проводились, или не опубликован итоговый документ (решение/протокол), принятый по результатам публичных слушаний | F36: =IF(C36=$C$5,1,0) -> 0 | J36: =F36*(1-G36)*(1-H36)*(1-I36) -> 0 | K36: http://adm-perelyb.ru/byudzhet-dlya-grazhdan/
A37: 29 | B37: Петровский | C37: Проводились, и в составе материалов к проекту решения об исполнении бюджета муниципального образования за отчетный финансовый год опубликован итоговый документ (решение/протокол), принятый по результатам публичных слушаний | D37: PDF | F37: =IF(C37=$C$5,1,0) -> 1 | I37: 0.5 | J37: =F37*(1-G37)*(1-H37)*(1-I37) -> 0.5 | K37: https://petrovsk64.ru/sub-org/fin-upr/otkrytyy-byudzhet/byudzhet/proekt-resheniya-o-byudzhete/na-2018-god/materialy-k-proektu/ | L37: Страница изменена 26.12.2018 г, что является нарушением 10-ти дневного срока после проведения публичных слушаний (30.11.2018 г)
A38: 30 | B38: Питерский | C38: Проводились, и в составе материалов к проекту решения об исполнении бюджета муниципального образования за отчетный финансовый год опубликован итоговый документ (решение/протокол), принятый по результатам публичных слушаний | D38: Word | F38: =IF(C38=$C$5,1,0) -> 1 | J38: =F38*(1-G38)*(1-H38)*(1-I38) -> 1 | K38: http://piterka.sarmo.ru/byudzhet-piterskogo-mr/publichnye-slushaniya/
A39: 31 | B39: Пугачевский | C39: Проводились, и в составе материалов к проекту решения об исполнении бюджета муниципального образования за отчетный финансовый год опубликован итоговый документ (решение/протокол), принятый по результатам публичных слушаний | D39: PDF | F39: =IF(C39=$C$5,1,0) -> 1 | I39: 0.5 | J39: =F39*(1-G39)*(1-H39)*(1-I39) -> 0.5 | K39: http://pugachev-adm.ru/byudzhet-rayona | L39: Документ создан 10.01.2019
A40: 32 | B40: Ровенский | C40: Проводились, и в составе материалов к проекту решения об исполнении бюджета муниципального образования за отчетный финансовый год опубликован итоговый документ (решение/протокол), принятый по результатам публичных слушаний | D40: PDF | F40: =IF(C40=$C$5,1,0) -> 1 | J40: =F40*(1-G40)*(1-H40)*(1-I40) -> 1 | K40: http://rovnoe.sarmo.ru/byudzhet/2019-god/2019-god.php
A41: 33 | B41: Романовский | C41: Проводились, и в составе материалов к проекту решения об исполнении бюджета муниципального образования за отчетный финансовый год опубликован итоговый документ (решение/протокол), принятый по результатам публичных слушаний | D41: PDF | F41: =IF(C41=$C$5,1,0) -> 1 | J41: =F41*(1-G41)*(1-H41)*(1-I41) -> 1 | K41: http://romanovka.sarmo.ru/byudzhet-dlya-grazhdan/byudzhet-romanovskogo-munitsipalnogo-rayona/kharakteristika-utverzhdennogo-byudzheta/
A42: 34 | B42: Ртищевский | C42: Публичные слушания не проводились, или не опубликован итоговый документ (решение/протокол), принятый по результатам публичных слушаний | D42: Word | F42: =IF(C42=$C$5,1,0) -> 0 | J42: =F42*(1-G42)*(1-H42)*(1-I42) -> 0 | K42: http://rtishevo.sarmo.ru/finansovyy-organ/rtishchevskiy-munitsipalnyy-rayon/2019-god/reshenie-o-proekte-byudzheta-munitsipalnogo-rayona/ | L42: В документе отсутствует подпись должностного лица. Не соблюден формат размещения официального документа.
A43: 35 | B43: Самойловский | C43: Публичные слушания не проводились, или не опубликован итоговый документ (решение/протокол), принятый по результатам публичных слушаний | F43: =IF(C43=$C$5,1,0) -> 0 | J43: =F43*(1-G43)*(1-H43)*(1-I43) -> 0 | K43: http://sam64.ru/ekonomika-i-byudzhet/byudzhet/proekt-byudzheta/ | L43: В документе отсутствует подпись должностного лица. Не соблюден формат размещения официального документа.
A44: 36 | B44: Саратовский | C44: Публичные слушания не проводились, или не опубликован итоговый документ (решение/протокол), принятый по результатам публичных слушаний | D44: Word | F44: =IF(C44=$C$5,1,0) -> 0 | J44: =F44*(1-G44)*(1-H44)*(1-I44) -> 0 | K44: http://saratov.sarmo.ru/index.php?option=com_content&view=article&id=5100&Itemid=530 | L44: В документе отсутствует подпись должностного лица. Не соблюден формат размещения официального документа. В целях оценки показателя учитывается официальный документ (решение/протокол), принятый по итогам публичных слушаний или общественного обсуждения и подписанный уполномоченным должностным лицом, опубликованный в составе материалов к проекту решения о бюджете муниципального образования на очередной финансовый год.
A45: 37 | B45: Советский | C45: Проводились, и в составе материалов к проекту решения об исполнении бюджета муниципального образования за отчетный финансовый год опубликован итоговый документ (решение/протокол), принятый по результатам публичных слушаний | D45: Word | F45: =IF(C45=$C$5,1,0) -> 1 | G45: 0.5 | J45: =F45*(1-G45)*(1-H45)*(1-I45) -> 0.5 | K45: http://stepnoeadm.ru/%D0%B1%D1%8E%D0%B4%D0%B6%D0%B5%D1%82/%D0%BC%D0%B5%D1%81%D1%82%D0%BD%D1%8B%D0%B9-%D0%B1%D1%8E%D0%B4%D0%B6%D0%B5%D1%82/ | L45: Не соблюден формат размещения официального документа.
A46: 38 | B46: Татищевский | C46: Проводились, и в составе материалов к проекту решения об исполнении бюджета муниципального образования за отчетный финансовый год опубликован итоговый документ (решение/протокол), принятый по результатам публичных слушаний | D46: PDF | F46: =IF(C46=$C$5,1,0) -> 1 | J46: =F46*(1-G46)*(1-H46)*(1-I46) -> 1 | K46: http://tatishevo.saratov.gov.ru/index.php?option=com_content&view=article&id=4794:2019-&catid=46:2009-12-20-17-15-45&Itemid=81
A47: 39 | B47: Турковский | C47: Публичные слушания не проводились, или не опубликован итоговый документ (решение/протокол), принятый по результатам публичных слушаний | D47: Word | E47: Размещено в разделе "Информация о районе" | F47: =IF(C47=$C$5,1,0) -> 0 | J47: =F47*(1-G47)*(1-H47)*(1-I47) -> 0 | K47: http://turki.sarmo.ru/nashe-poselenie/smi-poseleniya/vestnik-turkovskogo-munitsipalnogo-rayona/ | L47: В документе отсутствует подпись должностного лица. Не соблюден формат размещения официального документа. В целях оценки показателя учитывается официальный документ (решение/протокол), принятый по итогам публичных слушаний или общественного обсуждения и подписанный уполномоченным должностным лицом, опубликованный в составе материалов к проекту решения о бюджете муниципального образования на очередной финансовый год.
A48: 40 | B48: Федоровский | C48: Проводились, и в составе материалов к проекту решения об исполнении бюджета муниципального образования за отчетный финансовый год опубликован итоговый документ (решение/протокол), принятый по результатам публичных слушаний | D48: PDF | F48: =IF(C48=$C$5,1,0) -> 1 | J48: =F48*(1-G48)*(1-H48)*(1-I48) -> 1 | K48: http://fedormr.ru/byudzhet/byudzhet-2019.php
A49: 41 | B49: Хвалынский | C49: Публичные слушания не проводились, или не опубликован итоговый документ (решение/протокол), принятый по результатам публичных слушаний | F49: =IF(C49=$C$5,1,0) -> 0 | J49: =F49*(1-G49)*(1-H49)*(1-I49) -> 0 | K49: http://hvalynsk.sarmo.ru/administratsiya-khvalynskogo-munitsipalnogo-rayona/byudzhet/novosti/novosti.php | L49: По указанной ссылке размещено информационное сообщение, тогда как требованиями данного пункта приказа предусмотрено размещение протокола/заключения по итогам публичных слушаний, подписанного уполномоченным лицом
A50: 42 | B50: Энгельсский | C50: Проводились, и в составе материалов к проекту решения об исполнении бюджета муниципального образования за отчетный финансовый год опубликован итоговый документ (решение/протокол), принятый по результатам публичных слушаний | D50: PDF | F50: =IF(C50=$C$5,1,0) -> 1 | H50: 0.5 | J50: =F50*(1-G50)*(1-H50)*(1-I50) -> 0.5 | K50: www.engels-city.ru/news-line/52423-proekt-byudzheta-engelsskogo-rajona-proshel-publichnye-slushaniya | L50: Понижающий коэффициент применен согласно п. 7 приложения к приказу от 30.06.2016 № 202 : название ссылки не соответствует наименованию документа

Sheet Показатель 9.3
A1: 9.3. Возможность для граждан в электронном виде задать вопрос, направить отзыв и (или) предложение по бюджетной тематике
A2: Комментарий:
A3: ='Методика IV этап'!B27 -> В целях оценки показателя учитывается наличие на портале (сайте) возможности направить вопрос, отзыв и (или) предложение по бюджетной тематике в электронном виде - через контекстное меню (не прибегая к помощи почтовых агентов, дополнительных программ).
A4: № п/п | B4: Вопрос | C4: ='Методика IV этап'!B26 -> Предоставление органами местного самоуправления муниципального образования возможности для граждан в электронном виде задать вопрос, направить отзыв и (или) предложение по бюджетной тематике | D4: Доступность (указать, если возникли трудности с поиском документа, если переход осуществляется более, чем за 5 «кликов» с основной страницы портала (сайта), если название раздела не соответствует содержанию) | E4: Оценка показателя 9.3 | H4: Ссылка на источник данных | I4: Комментарии
B5: Варианты ответов | C5: ='Методика IV этап'!B28 -> Данная возможность предоставлена | E5: баллы | F5: понижающие коэффициенты | G5: Итого
C6: ='Методика IV этап'!B29 -> Данная возможность отсутствует | F6: затрудненный поиск
B7: Городскте округа
A8: 1 | B8: г. Саратов | C8: Данная возможность предоставлена | E8: =IF(C8=$C$5,1,0) -> 1 | G8: =E8*(1-F8) -> 1 | H8: http://saratovmer.ru/priemnaya/mail/
A9: 2 | B9: ЗАТО Михайловское | C9: Данная возможность предоставлена | E9: =IF(C9=$C$5,1,0) -> 1 | G9: =E9*(1-F9) -> 1 | H9: http://mihailovski.ru/feedback/
A10: 3 | B10: ЗАТО Светлый | C10: Данная возможность предоставлена | E10: =IF(C10=$C$5,1,0) -> 1 | G10: =E10*(1-F10) -> 1 | H10: http://www.zatosvetly.ru/feedback/index.php
A11: 4 | B11: ЗАТО Шиханы | C11: Данная возможность предоставлена | E11: =IF(C11=$C$5,1,0) -> 1 | G11: =E11*(1-F11) -> 1 | H11: http://zatoshihany.ru/feedback/index.php
B12: Муниципальные районы
A13: 5 | B13: Александрово-Гайский | C13: Данная возможность предоставлена | E13: =IF(C13=$C$5,1,0) -> 1 | G13: =E13*(1-F13) -> 1 | H13: http://algay.sarmo.ru/internet-priemnaya.php
A14: 6 | B14: Аркадакский | C14: Данная возможность предоставлена | E14: =IF(C14=$C$5,1,0) -> 1 | G14: =E14*(1-F14) -> 1 | H14: http://arkadak.sarmo.ru/internet-priemnaya/
A15: 7 | B15: Аткарский | C15: Данная возможность предоставлена | E15: =IF(C15=$C$5,1,0) -> 1 | G15: =E15*(1-F15) -> 1 | H15: http://proatkarsk.ru/CityMail.aspx
A16: 8 | B16: Базарно-Карабулакский | C16: Данная возможность предоставлена | E16: =IF(C16=$C$5,1,0) -> 1 | G16: =E16*(1-F16) -> 1 | H16: http://bkarabulak.sarmo.ru/index.php?option=com_wrapper&view=wrapper&Itemid=388
A17: 9 | B17: Балаковский | C17: Данная возможность предоставлена | E17: =IF(C17=$C$5,1,0) -> 1 | G17: =E17*(1-F17) -> 1 | H17: http://www.admbal.ru/content/internet-priemnaya-saita-administratsii-bmr
A18: 10 | B18: Балашовский | C18: Данная возможность предоставлена | E18: =IF(C18=$C$5,1,0) -> 1 | G18: =E18*(1-F18) -> 1 | H18: http://baladmin.ru/elektronnaya-priemnaya.php
A19: 11 | B19: Балтайский | C19: Данная возможность предоставлена | E19: =IF(C19=$C$5,1,0) -> 1 | G19: =E19*(1-F19) -> 1 | H19: http://adm-baltay.ru/priem-obrashheniy-i-kontaktyi/obratnaya-svyaz/
A20: 12 | B20: Вольский | C20: Данная возможность предоставлена | E20: =IF(C20=$C$5,1,0) -> 1 | G20: =E20*(1-F20) -> 1 | H20: http://вольск.рф/?page_id=28630
A21: 13 | B21: Воскресенский | C21: Данная возможность предоставлена | E21: =IF(C21=$C$5,1,0) -> 1 | G21: =E21*(1-F21) -> 1 | H21: http://voskresensk64.ru/feedback/new.php
A22: 14 | B22: Дергачевский | C22: Данная возможность предоставлена | E22: =IF(C22=$C$5,1,0) -> 1 | G22: =E22*(1-F22) -> 1 | H22: http://dergachi.sarmo.ru/obrashcheniya/internet-priemnaya.php
A23: 15 | B23: Духовницкий | C23: Данная возможность предоставлена | E23: =IF(C23=$C$5,1,0) -> 1 | G23: =E23*(1-F23) -> 1 | H23: http://duhovnitskoe.sarmo.ru/obrashcheniya/internet-priemnaya/
A24: 16 | B24: Екатериновский | C24: Данная возможность предоставлена | E24: =IF(C24=$C$5,1,0) -> 1 | G24: =E24*(1-F24) -> 1 | H24: http://webanketa.ru/forms/68r3adhk6mqp2r9k70wk6d9k/
... A34: 26 | B34: Новоузенский | C34: Данная возможность предоставлена | E34: =IF(C34=$C$5,1,0) -> 1 | G34: =E34*(1-F34) -> 1 | H34: http://novouzensk.ru/feedback/
A35: 27 | B35: Озинский | C35: Данная возможность предоставлена | E35: =IF(C35=$C$5,1,0) -> 1 | G35: =E35*(1-F35) -> 1 | H35: http://ozinki.sarmo.ru/internet-priemnaya/ | I35: Оцениваемая ссылка не была предоставлена.
A36: 28 | B36: Перелюбский | C36: Данная возможность предоставлена | E36: =IF(C36=$C$5,1,0) -> 1 | G36: =E36*(1-F36) -> 1 | H36: http://adm-perelyb.ru/byudzhet-dlya-grazhdan/
A37: 29 | B37: Петровский | C37: Данная возможность предоставлена | E37: =IF(C37=$C$5,1,0) -> 1 | G37: =E37*(1-F37) -> 1 | H37: http://petrovsk64.ru/elektronik/
A38: 30 | B38: Питерский | C38: Данная возможность предоставлена | E38: =IF(C38=$C$5,1,0) -> 1 | G38: =E38*(1-F38) -> 1 | H38: http://piterka.sarmo.ru/obrashcheniya/internet-priemnaya/?bitrix_include_areas=Y
A39: 31 | B39: Пугачевский | C39: Данная возможность предоставлена | E39: =IF(C39=$C$5,1,0) -> 1 | G39: =E39*(1-F39) -> 1 | H39: http://pugachev-adm.ru/internet-priyomnaya-2
A40: 32 | B40: Ровенский | C40: Данная возможность предоставлена | E40: =IF(C40=$C$5,1,0) -> 1 | G40: =E40*(1-F40) -> 1 | H40: http://rovnoe.sarmo.ru/internet-priemnaya.php
A41: 33 | B41: Романовский | C41: Данная возможность предоставлена | E41: =IF(C41=$C$5,1,0) -> 1 | G41: =E41*(1-F41) -> 1 | H41: http://romanovka.sarmo.ru/informatsiya-dlya-naseleniya/priemnaya/ | I41: Оцениваемая ссылка не была предоставлена.
A42: 34 | B42: Ртищевский | C42: Данная возможность предоставлена | E42: =IF(C42=$C$5,1,0) -> 1 | G42: =E42*(1-F42) -> 1 | H42: http://rtishevo.sarmo.ru/obrashcheniya/internet-priemnaya/
A43: 35 | B43: Самойловский | C43: Данная возможность предоставлена | E43: =IF(C43=$C$5,1,0) -> 1 | G43: =E43*(1-F43) -> 1 | H43: http://sam64.ru/appeals/internet-reception/
A44: 36 | B44: Саратовский | C44: Данная возможность предоставлена | E44: =IF(C44=$C$5,1,0) -> 1 | G44: =E44*(1-F44) -> 1 | H44: http://saratov.sarmo.ru/index.php?option=com_wrapper&view=wrapper&Itemid=326 | I44: Оцениваемая ссылка не была предоставлена.
A45: 37 | B45: Советский | C45: Данная возможность предоставлена | E45: =IF(C45=$C$5,1,0) -> 1 | G45: =E45*(1-F45) -> 1 | H45: http://stepnoeadm.ru/feedback/
A46: 38 | B46: Татищевский | C46: Данная возможность предоставлена | E46: =IF(C46=$C$5,1,0) -> 1 | G46: =E46*(1-F46) -> 1 | H46: http://tatishevo.saratov.gov.ru/index.php?option=com_content&view=article&id=4786:2018-11-15-13-59-48&catid=130:internet-reception-tatishevo-mr
A47: 39 | B47: Турковский | C47: Данная возможность предоставлена | E47: =IF(C47=$C$5,1,0) -> 1 | G47: =E47*(1-F47) -> 1 | H47: http://turki.sarmo.ru/obrashcheniya/internet-priemnaya/
A48: 40 | B48: Федоровский | C48: Данная возможность предоставлена | E48: =IF(C48=$C$5,1,0) -> 1 | G48: =E48*(1-F48) -> 1 | H48: http://fedormr.ru/obrashcheniya/obrashcheniya.php
A49: 41 | B49: Хвалынский | C49: Данная возможность предоставлена | E49: =IF(C49=$C$5,1,0) -> 1 | G49: =E49*(1-F49) -> 1 | H49: http://hvalynsk.sarmo.ru/administratsiya-khvalynskogo-munitsipalnogo-rayona/byudzhet/byudzhet-dlya-grazhdan.php
A50: 42 | B50: Энгельсский | C50: Данная возможность предоставлена | E50: =IF(C50=$C$5,1,0) -> 1 | G50: =E50*(1-F50) -> 1 | H50: www.engels-city.ru/2009-11-05-08-12-16

Sheet Параметры
A1: Календарный период | B1: 2015
A3: Форматы | B3: машиночитаемый
B4: графический | C4: 0.5
